 Dungeon Crawl Stone Soup version 0.32-a0-913-g739538afd8 (webtiles) character file.

Game seed: 8007409935409170747

9917213 HilariousDeathArtist the Bringer of Law (level 27, 355/355 HPs)
             Began as an Oni Chaos Knight on Apr 5, 2024.
             Was the Champion of Zin.
             Escaped with the Orb
             ... and 15 runes on Apr 8, 2024!
             The game lasted 05:11:58 (172617 turns).

HilariousDeathArtist the Bringer of Law (OnCK)    Turns: 172617, Time: 05:11:59

Health: 355/355    AC: 44    Str: 33    XL:     27
Magic:  43/43      EV: 14    Int: 17    God:    Zin [******]
Gold:   15074      SH: 31    Dex:  8    Spells: 43/80 levels left

rFire   + + +        w - +4 consecrated labrys {holy, Valiant ^Fragile Fly SInv}
rCold   + + .        h - +8 tower shield {rC+}
rNeg    + . .        p - +11 shadow dragon scales
rPois   +            C - +2 hat of the Bear Spirit {Spirit, Bear, *Rage Will++}
rElec   +            k - +0 cloak of the Thief {Quiet Slay-3 SInv Stlth+}
rCorr   +            (gloves unavailable)
SInv    +            (boots unavailable)
Will    +++++        L - amulet of the Air {Inacc Air Fly rElec RMsl}
Stlth   +++          V - ring of Kymug {rF+ rN+ Will+ rCorr Str+3}
HPRegen 0.79/turn    z - ring of Vinoinao {rPois rF++ rC+}
MPRegen 0.28/turn

%: inaccuracy (-5), random rage (20%), repel missiles, guardian spirit
@: on berserk cooldown, flying, slowed, studying Necromancy, very slow
A: large, unfitting armour, horns 1, tough skin 1, double potion healing,
drunken brawling, iridescent scales 2, low MP 2, passive freeze, poison
resistance, robust 1, screaming 1, wild magic 1, sturdy frame 1
0: Orb of Zot
}: 15/15 runes: barnacled, slimy, silver, golden, iron, obsidian, icy, bone,
abyssal, demonic, glowing, magical, fiery, dark, gossamer
a: Renounce Religion, Recite, Vitalisation, Imprison, Sanctuary, Donate Gold


You escaped.
You worshipped Zin.
Zin was exalted by your worship.
You visited 17 branches of the dungeon, and saw 87 of its levels.
You visited Pandemonium 3 times, and saw 29 of its levels.
You visited the Abyss 3 times.
You visited 1 ziggurat, and saw 15 of its levels.
You also visited: Trove, Bailey and Ice Cave.

You collected 25547 gold pieces.
You spent 8732 gold pieces at shops.
You donated 1741 gold pieces to Zin.

Inventory:

Hand Weapons
 a - the +8 trishula "Condemnation" {holy, anguish, *Noise Fly rN+}
   (You took it off a deep elf death mage on level 3 of the Crypt)

   rN+:       It protects you from negative energy.
   Fly:       It grants you flight.
   *Noise:    It may make a loud noise when swung.
 b - the +8 mithril axe "Arga" {speed, Will+}
   (You found it on level 7 of Cocytus)

   Will+:     It increases your willpower.
 w - the +4 consecrated labrys (weapon) {holy, Valiant ^Fragile Fly SInv}
   (You found it on level 11 of a ziggurat)

   Valiant:   It becomes more powerful as more dangerous foes come into view.
   SInv:      It lets you see invisible.
   Fly:       It grants you flight.
   ^Fragile:  It will be destroyed if unequipped.
Armour
 f - the +5 Storm Queen's Shield {shock, Fly rElec}
   (You found it on level 4 of a ziggurat)

   Shock:     When it blocks an attack, it may electrocute the attacker.
   This works even against foes who are a short distance away.
   rElec:     It insulates you from electricity.
   Fly:       It grants you flight.
 h - a +8 tower shield of cold resistance (worn)
   (You acquired it on level 12 of the Dungeon)
 k - the +0 cloak of the Thief (worn) {Quiet Slay-3 SInv Stlth+}
   (You bought it in a shop on level 2 of the Orcish Mines)

   Quiet:     All noise in your surroundings is dampened.
   Slay-3:    It affects your accuracy & damage with ranged weapons and melee
   (-3).
   SInv:      It lets you see invisible.
   Stlth+:    It makes you more stealthy.
 p - +11 shadow dragon scales (worn)
   (You found it on level 1 of the Depths)
 C - the +2 hat of the Bear Spirit (worn) {Spirit, Bear, *Rage Will++}
   (You found it on level 7 of Tartarus)

   Bear:      Going berserk makes the wearer exceptionally tough, and they are
   slowed for a shorter time afterward.
   Will++:    It greatly increases your willpower.
   *Rage:     It berserks you when you make melee attacks (+20% chance).
Jewellery
 z - the ring of Vinoinao (right hand) {rPois rF++ rC+}
   (You acquired it on level 5 of the Lair of Beasts)

   [ring of protection from cold]

   rF++:      It greatly protects you from fire.
   rC+:       It protects you from cold.
   rPois:     It protects you from poison.
 L - the amulet of the Air (around neck) {Inacc Air Fly rElec RMsl}
   (You found it on level 9 of a ziggurat)

   [amulet of nothing]

   Inacc:     It reduces the accuracy of your attacks and spells.
   Air:       It enhances your air magic.
   rElec:     It insulates you from electricity.
   Fly:       It grants you flight.
   RMsl:      It protects you from missiles.
 P - the amulet "Giaxkue Viusm" {rPois Regen+}
   (You found it on level 11 of a ziggurat)

   [amulet of regeneration]

   rPois:     It protects you from poison.
   Regen+:    It increases your rate of health regeneration.
 V - the ring of Kymug (left hand) {rF+ rN+ Will+ rCorr Str+3}
   (You took it off a balrug in Pandemonium)

   [ring of willpower]

   Str+3:     It affects your strength (+3).
   rF+:       It protects you from fire.
   rN+:       It protects you from negative energy.
   Will+:     It increases your willpower.
   rCorr:     It protects you from acid and corrosion.
Wands
 d - a wand of digging (21)
   (You found it on level 4 of the Spider Nest)
 e - a wand of charming (120)
   (You found it on level 7 of the Dungeon)
 i - a wand of iceblast (82)
   (You took it off Ijyb on level 3 of the Dungeon)
 s - a wand of quicksilver (87)
   (You found it on level 9 of the Dungeon)
 y - a wand of mindburst (49)
   (You found it in Pandemonium)
Scrolls
 j - 8 scrolls of poison
 q - 14 scrolls of revelation
 t - 8 scrolls of fog
 D - 17 scrolls of blinking {!r}
 E - 10 scrolls of fear
 K - 11 scrolls of immolation {!r}
 O - 5 scrolls of silence
 S - 3 scrolls of summoning
 Y - 8 scrolls of teleportation {@r3}
Potions
 g - 8 potions of might
 n - 2 potions of cancellation
 B - 11 potions of brilliance
 F - 17 potions of enlightenment
 G - 10 potions of ambrosia {!q}
 I - 7 potions of invisibility
 J - 17 potions of curing {@q1}
 M - 8 potions of magic
 N - 4 potions of heal wounds {@q2}
 R - 6 potions of resistance
 U - 25 potions of mutation {!q}
Miscellaneous
 l - a condenser vane (inert)
   (You found it on level 5 of the Lair of Beasts)
 m - a phantom mirror (inert)
   (You found it on level 10 of the Dungeon)
 r - a Gell's gravitambourine (inert)
   (You found it on level 4 of the Shoals)
 u - a sack of spiders
   (You found it on level 11 of the Dungeon)
 v - a lightning rod (2/4)
   (You found it on level 11 of the Dungeon)


   Skills:
 O Level 27 Fighting
 + Level 18.4(19.5) Axes
 - Level 11.0(16.0) Polearms
 O Level 27 Armour
 + Level 26.4 Dodging
 + Level 17.4 Stealth
 O Level 27 Shields
 O Level 27 Spellcasting
 - Level 4.8 Necromancy
 O Level 27 Translocations
 - Level 13.0 Ice Magic
 O Level 27 Invocations
 + Level 23.2 Evocations


You had 43 spell levels left.
You knew the following spells:

 Your Spells              Type           Power      Damage    Failure   Level
a - Manifold Assault      Tloc           49%        N/A       1%          7
b - Blink                 Tloc           100%       N/A       1%          2
c - Disjunction           Tloc           49%        N/A       1%          8
d - Gell's Gavotte        Tloc           49%        2d(33-50) 1%          6
e - Passage of Golubria   Tloc           99%        N/A       1%          4
f - Summon Forest         Summ/Tloc      37%        N/A       1%          5
g - Apportation           Tloc           100%       N/A       1%          1
x - Iskenderun's Mystic   Conj/Tloc      74%        2d15      (+2d81%     4

Your spell library contained the following spells:

 Spells                   Type           Power      Damage    Failure   Level
 Freeze                   Ice            100%       1d10      1%          1
 Kiss of Death            Conj/Necr      100%       2d13      1%          1
 Necrotise                Necr           100%       1d9       1%          1
 Ensorcelled Hibernation  Hex/Ice        100%       N/A       1%          2
 Lesser Beckoning         Tloc           100%       N/A       1%          2
 Momentum Strike          Conj/Tloc      100%       3d10      1%          2
 Sublimation of Blood     Necr           50%        N/A       1%          2
 Frozen Ramparts          Ice            100%       1d16      1%          3
 Hailstorm                Conj/Ice       56%        3d11      1%          3
 Maxwell's Portable Pile  Tloc           99%        2d(15-43) 1%          3
 Ozocubu's Armour         Ice            72%        N/A       1%          3
 Summon Ice Beast         Ice/Summ       56%        N/A       1%          3
 Teleport Other           Tloc           99%        N/A       1%          3
 Volatile Blastmotes      Fire/Tloc      100%       2d18      1%          3
 Dimensional Bullseye     Hex/Tloc       37%        N/A       1%          4
 Dispersal                Tloc           49%        N/A       1%          6
 Fugue of the Fallen      Necr           50%        N/A       2%          3
 Vampiric Draining        Necr           50%        2d9       2%          3
 Cigotuvi's Dreadful Rot  Necr/Alch/Air  100%       N/A       3%          2
 Foxfire                  Conj/Fire      100%       2x1d9     4%          1
 Magic Dart               Conj           100%       1d8       4%          1
 Sandblast                Erth           58%        2d13      4%          1
 Shock                    Conj/Air       100%       1d9       4%          1
 Slow                     Hex            100%       N/A       4%          1
 Sting                    Conj/Alch      100%       1d9       4%          1
 Summon Small Mammal      Summ           100%       N/A       4%          1
 Call Imp                 Summ           58%        N/A       6%          2
 Jinxbite                 Hex            58%        N/A       6%          2
 Mercury Vapours          Alch/Air       88%        N/A       6%          2
 Scorch                   Fire           58%        2d7       6%          2
 Searing Ray              Conj           58%        2d6       6%          2
 Static Discharge         Conj/Air       88%        3-7/arc   6%          2
 Metabolic Englaciation   Hex/Ice        28%        N/A       8%          5
 Call Canine Familiar     Summ           29%        N/A       11%         3
 Confusing Touch          Hex            29%        N/A       11%         3
 Dazzling Flash           Conj/Hex       58%        N/A       11%         3
 Inner Flame              Hex/Fire       29%        N/A       11%         3
 Mephitic Cloud           Conj/Alch/Air  44%        N/A       11%         3
 Passwall                 Erth           29%        N/A       11%         3
 Sigil of Binding         Hex            29%        N/A       11%         3
 Swiftness                Air            44%        N/A       11%         3
 Tukima's Dance           Hex            29%        N/A       11%         3
 Malign Gateway           Summ/Tloc      37%        N/A       12%         7
 Anguish                  Hex/Necr       20%        N/A       13%         4
 Martyr's Knell           Necr/Summ      40%        N/A       13%         4
 Curse of Agony           Necr           50%        N/A       14%         5
 Ozocubu's Refrigeration  Ice            36%        4d15      14%         7
 Freezing Cloud           Conj/Ice/Air   32%        6-21      16%         5
 Airstrike                Air            22%        2d(4-20)  32%         4
 Animate Armour           Summ/Erth      58%        N/A       32%         4
 Brom's Barrelling Bould  Conj/Erth      29%        2d5       32%         4
 Cause Fear               Hex            14%        N/A       32%         4
 Flame Wave               Conj/Fire      29%        2d9       32%         4
 Fulminant Prism          Conj/Alch      14%        3d8       32%         4
 Ignite Poison            Fire/Alch      29%        N/A       32%         4
 Leda's Liquefaction      Alch/Erth      14%        N/A       32%         4
 Olgreb's Toxic Radiance  Alch           29%        N/A       32%         4
 Petrify                  Alch/Erth      29%        N/A       32%         4
 Sticky Flame             Fire/Alch      29%        2d7       32%         4
 Summon Blazeheart Golem  Fire/Summ      29%        N/A       32%         4
 Summon Lightning Spire   Summ/Air       44%        N/A       32%         4
 Permafrost Eruption      Ice/Erth       28%        2x4d7     34%         6
 Sculpt Simulacrum        Ice/Alch       28%        N/A       34%         6
 Death Channel            Necr           25%        N/A       54%         6
 Alistair's Intoxication  Alch           19%        N/A       63%         5
 Arcjolt                  Conj/Air       22%        1d32      63%         5
 Fireball                 Conj/Fire      14%        3d8       63%         5
 Irradiate                Conj/Alch      14%        3d16      63%         5
 Iskenderun's Battlesphe  Conj           29%        2d8       63%         5
 Lee's Rapid Deconstruct  Erth           14%        3d9*      63%         5
 Silence                  Hex/Air        22%        N/A       63%         5
 Summon Mana Viper        Hex/Summ       29%        N/A       63%         5
 Yara's Violent Unravell  Hex/Alch       14%        3d7       63%         5
 Bombard                  Conj/Erth      14%        9d3       99%         6
 Conjure Ball Lightning   Conj/Air       22%        3x3d6     99%         6
 Plasma Beam              Fire/Air       22%        2x1d34    99%         6
 Starburst                Conj/Fire      14%        6d6       99%         6
 Summon Cactus Giant      Summ           14%        N/A       99%         6
 Enfeeble                 Hex            14%        N/A       100%        7
 Orb of Destruction       Conj           14%        9d7       100%        7
 Spellforged Servitor     Conj/Summ      14%        N/A       100%        7
 Summon Hydra             Summ           14%        N/A       100%        7
 Discord                  Hex            14%        N/A       100%        8
 Ignition                 Fire           14%        3d6       100%        8
 Infestation              Necr           25%        N/A       100%        8
 Maxwell's Capacitive Co  Air            22%        ∞         100%        8
 Chain Lightning          Conj/Air       22%        3d29      100%        9
 Dragon's Call            Summ           14%        N/A       100%        9
 Fire Storm               Conj/Fire      14%        8d4       100%        9
 Polar Vortex             Ice            36%        12d4*     100%        9
 Shatter                  Erth           14%        3d14*     100%        9


Dungeon Overview and Level Annotations

Branches:
Dungeon (15/15)            Temple (0/1) D:4            Lair (5/5) D:10
 Shoals (4/4) Lair:3       Spider (4/4) Lair:2        Slime (5/5) Lair:5
    Orc (2/2) D:12            Elf (3/3) Orc:2        Vaults (5/5) D:14
  Crypt (3/3) Vaults:2       Tomb (3/3) Crypt:3      Depths (4/4) D:15
   Hell (visited)             Dis (7/7) Hell            Geh (7/7) Hell
    Coc (7/7) Hell            Tar (7/7) Hell            Zot (5/5) Depths:4
 Bailey (visited)           IceCv (visited)

Altars:
Ashenzari
Elyvilon
Fedhas
Gozag
Kikubaaqudgha
Makhleb
Ru
Sif Muna
Trog
Uskayaw
Vehumet
Xom
Yredelemnul
Zin
The Shining One
Jiyva
Lugonu

Shops:
D:1 !   D:6 *   D:12 ?   D:13 :   Orc:1 :   Orc:2 **!?**   Elf:1 =
Depths:1 :=:

Portals:
Hell: Depths:1 Depths:2 Depths:3 Depths:4
Abyss: Lair:5 Depths:3 Depths:4
Pandemonium: Depths:2
Ziggurat: Depths:3

Annotations:
D:11 3 runed translucent doors, prad's ghost, journeyman GnHu
Vaults:2 1 runed translucent door, Griffin23's ghost, adept MiFi
Dis:7 Dispater
Zot:4 exclusion: orb of fire


Innate Abilities, Weirdness & Mutations

You are too large for most types of armour.
You have a pair of small horns on your head.
You have tough skin. (AC +1)
You gain doubled healing and magic from potions.
Whenever you drink a healing potion, you attack all around you.
You are mostly covered in iridescent scales. (AC +4)
Your magical capacity is very low. (-20% MP)
A frigid envelope surrounds you and freezes all who hurt you.
Your system is resistant to poisons. (rPois)
You are robust. (+10% HP)
You occasionally shout uncontrollably at your foes.
Your spells are a little harder to cast, but a little more powerful.
Your movements are slightly less encumbered by armour. (ER -2)


Message History

Unknown command.
Space momentarily warps into an impossible shape!
You slice the hellwing!!
The hellwing convulses.
You slice the hellwing!!
The hellwing convulses!
You slice the hellwing!!
The hellwing convulses.
You now have 36/43 mp.
Space momentarily warps into an impossible shape!
You hit the hellwing but do no damage. x2; You slice the hellwing!!
You kill the hellwing!
A smoke demon comes into view. x2
Space momentarily warps into an impossible shape!
You slice the smoke demon!!
The smoke demon convulses!!!
You kill the smoke demon!
You slice the hellwing like a ripe choko!!!
You kill the hellwing!
You chop the smoke demon into pieces!!!
You kill the smoke demon!
You hit the hellwing.
The hellwing convulses.
You now have 22/43 mp.
No target in view!
No target in view!
No target in view!
No target in view!
What level of the Dungeon? (default 1, ? - help)
You see here a cyclops skeleton.
You slice the hellwing!!
You kill the hellwing!
No target in view!
You recover from your berserk rage.
You see here a +0 arbalest.
What level of the Dungeon? (default 1, ? - help)
You see here a water moccasin skeleton.
There is an open door here.
There is a stone staircase leading up here.
You fly upwards.
There is a stone staircase leading down here.
There is an open door here.
There is an open door here.
There is a stone staircase leading up here.
You fly upwards.
There is a stone staircase leading down here.
You see here a yak skeleton.
There is a stone staircase leading up here.
You fly upwards.
There is a stone staircase leading down here.
There is a stone staircase leading up here.
You fly upwards.
There is a stone staircase leading down here.
There is an open door here.
There is an open door here.
There is a stone staircase leading down here.
There is a stone staircase leading up here.
You fly upwards.
There is a stone staircase leading down here.
There is a stone staircase leading up here.
You fly upwards.
There is a stone staircase leading down here.
There is a stone staircase leading up here.
You fly upwards.
There is a stone staircase leading down here.
You see here the felid skeleton of Natasha.
There is a stone staircase leading up here.
You fly upwards.
There is a stone staircase leading down here.
You swap places.
You see here a +0 club.
A green death comes into view.
There is a stone staircase leading up here.
MP restored: 43 Unknown command.
Space momentarily warps into an impossible shape!
A red film seems to cover your vision as you go berserk!
You feel yourself moving faster!
You feel mighty!
You slice the green death!!
The green death convulses!!
You now have 710/710 hp.
You feel a strong urge to attack something.
You feel your anger nearly subside.
You are no longer berserk.
You are exhausted.
You feel yourself slow down. You block the green death's attack.
You now have 355/355 hp.
You hit the green death.
The green death convulses.
Your headbutt misses the green death. The green death gestures at you.
The blast of poison engulfs you but does no damage.
You resist.
You chop the green death into pieces!!!
You kill the green death!
You swap places.
There is a stone staircase leading up here.
What level of the Dungeon? (default 1, ? - help)
You fly upwards.
Your mindless puppet stays behind to rot.
There is a stone staircase leading down here.
You reach down and open the door.
There is an open door here.
There is a staircase leading out of the dungeon here.
You regained 3 mp, and now have 42/43 mp.
Unknown command.
You have escaped!

.#.##########.# #..>........#
# ..............#
##.########.# #
##.#########..# #..# #.# #
#.#########..# ##.## #.# #
#.##.........#####...######.#
#
#.##.#####..................#
# #.##.# #.#.##'##...########
# ##.##.## #..##♣.♣##.##...# #
#......####..+..@..'.##...# #
#.#..........##~~~##.##...####
#
#......####...#PPP##>........#
#
#####.##......#####.......∩..#
# #........................# #
#....##.####.###.##...#### #
#####....##......# #.##...# #
.........#######.###.##...#
##### #####..÷## ##...###..##
#....


There were no monsters in sight!

Vanquished Creatures
  Cerebov (Pan)
  Antaeus (Coc:7)
  Asmodeus (Geh:7)
  the Royal Jelly (Slime:5)
  Ereshkigal (Tar:7)
  Gloorx Vloq (Pan)
  A seraph (Pan)
  Mnoleg (Pan)
  the Serpent of Hell (Tar:7)
  11 dread liches
  6 ancient liches
  20 pandemonium lords
  7 orbs of fire (Zot:5)
  Mennas (Pan)
  The ghost of Eluafa Diuxt the Heavyweight Champion, a veteran TrGl of Wu Jian (Depths:2)
  Sojobo (Depths:4)
  Xtahua (Crypt:2)
  31 royal mummies
  5 Killer Klowns
  28 shard shrikes
  Saint Roka (Crypt:2)
  Geryon (Hell)
  65 caustic shrikes
  8 golden dragons
  Jory (Crypt:2)
  The ghost of Jigeme the Master Archer, a veteran DEHs of Fedhas (D:15)
  21 profane servitors
  Nikola (Spider:2)
  2 pearl dragons (Pan)
  16 bone dragons
  Arachne (Spider:3)
  8 doom hounds
  The ghost of Goociwk the Warrior, an adept GrFi of Cheibriados (Crypt:2)
  43 Brimstone Fiends
  16 hellephants
  41 Tzitzimimeh
  4 iron giants
  2 spectral shard shrikes
  48 Hell Sentinels
  13 tentacled monstrosities
  Jorgrun (D:15)
  4 electric golems
  9 liches
  Mlioglotl (Spider:1)
  34 Ice Fiends
  25 titans
  24 Orb Guardians
  18 acid blobs
  20 searing wretches
  5 quicksilver dragons
  A kraken (Shoals:2)
  11 sphinxes
  23 tainted leviathans
  3 deep elf master archers
  3 deep elf blademasters
  2 tentacled starspawn (Abyss:3)
  8 death cobs
  14 ancient champions
  Gastronok (Lair:1)
  Kirke (Spider:1)
  Donald (Spider:3)
  76 Executioners
  19 storm dragons
  16 daevas (Pan)
  10 shadow dragons
  6 tengu reavers
  11 azure jellies
  2 nagarajas (Pan)
  5 revenants
  Aizul (Spider:3)
  10 protean progenitors
  20 narguns
  2 fenstrider witches (Pan)
  25 fire giants
  A caustic shrike zombie (Crypt:2)
  6 draconian knights
  16 rockslimes
  11 quicksilver elementals
  26 demonspawn warmongers (Pan)
  2 draconian monks
  5 draconian shifters
  8 frost giants
  11 vault wardens
  A spectral juggernaut (Tar:3)
  8 iron dragons
  10 deep elf sorcerers
  21 ghost moths
  3 draconian scorchers
  Louise (D:15)
  8 emperor scorpions
  30 cacodemons (Pan)
  33 angels (Pan)
  3 deep elf elementalists (Elf:3)
  5 ghouls
  110 balrugs
  7 shard shrike simulacra
  6 curse skulls
  3 draconian stormcallers
  55 reapers
  16 very ugly things
  12 ophanim (Pan)
  18 stone giants
  6 draconian annihilators
  15 ironbound preservers
  24 demonspawn corrupters (Pan)
  12 orc warlords
  6 broodmothers
  4 formless jellyfish
  The ghost of mdk the Fighter, a journeyman DECj of Vehumet (Orc:2)
  29 demonspawn blood saints (Pan)
  10 quicksilver oozes
  6 ironbound thunderhulks
  11 caustic shrike skeletons (Pan)
  13 juggernaut skeletons (Pan)
  24 putrid mouths
  10 green draconians
  20 elemental wellsprings
  6 vampire knights
  24 apis (Pan)
  An eleionoma (Zig:5)
  14 wendigos
  10 purple draconians
  7 black draconians
  10 deep elf demonologists
  33 lorocyprocas
  38 demonspawn black suns (Pan)
  5 bennus
  9 deep elf death magi
  17 red draconians
  7 spark wasps
  10 white draconians
  10 deep elf annihilators
  3 eidola
  31 war gargoyles
  12 yellow draconians
  Snorg (D:10)
  20 dire elephants
  12 iron golems
  24 mummy priests
  15 ettins
  26 jiangshi
  57 blizzard demons
  3 spectral quicksilver dragons
  5 merfolk javelineers
  An acid blob zombie (Crypt:2)
  15 fire dragons
  36 green deaths
  12 merfolk impalers
  An entropy weaver (shapeshifter) (Vaults:3)
  A spectral golden dragon (Crypt:3)
  2 spectral iron giants (Geh:6)
  2 deep elf high priests (Vaults:5)
  13 yaktaur captains
  A crystal guardian (Vaults:4)
  2 spectral krakens (Tar:7)
  10 great orbs of eyes
  13 salamander tyrants
  7 entropy weavers
  7 spectral spriggans
  A spriggan air mage (Depths:3)
  4 jorogumos
  7 rakshasas
  8 ogre magi
  5 hydras
  5 ice dragons
  28 vault guards
  A catoblepas (Lair:2)
  14 caustic shrike simulacra
  15 hell beasts
  2 peacekeepers
  11 ironbound frosthearts
  7 centaur warriors
  3 radroaches
  3 alligator snapping turtles
  9 juggernaut simulacra
  2 anacondas (Zot:2)
  10 stokers
  5 boulder beetles
  A spriggan skeleton (Depths:3)
  19 two-headed ogres
  2 alligators (Zot:3)
  4 tengu warriors
  37 hell hogs
  3 deep troll shamans
  12 merfolk aquamancers
  75 death scarabs
  30 dancing weapons
  4 death knights
  2 satyrs (Zot:1)
  7 death yaks
  A shock serpent (Zig:6)
  2 spectral nagas (Tar:3)
  7 deep troll earth magi
  A spriggan berserker (Depths:4)
  2 titan zombies
  7 occultists
  8 orc high priests
  11 vampire magi
  10 thrashing horrors
  6 hell knights (Vaults:5)
  112 demonic crawlers
  2 spectral dire elephants
  A naga warrior (Zig:6)
  179 soul eaters
  15 deep elf knights
  10 crystal echidnas
  357 sun demons
  7 shadow wraiths
  16 hellephant skeletons (Pan)
  5 skysharks
  7 iron trolls
  2 titan skeletons
  8 pharaoh ants
  A salamander mystic (Zig:6)
  A spatial maelstrom (Abyss:3)
  2 goliath frogs (Pan)
  7 quicksilver dragon simulacra
  2 bunyip zombies
  9 sea snakes
  A skyshark (shapeshifter) (Depths:3)
  41 skeletal warriors
  2 wretched stars (Abyss:3)
  2 golden dragon zombies
  40 sixfirhies (Pan)
  A spectral bunyip (Crypt:3)
  A spriggan druid (Zig:5)
  An anaconda zombie (Crypt:1)
  2 spectral iron dragons (Tar:2)
  21 cherubim
  A storm dragon skeleton (Depths:3)
  23 deep elf archers
  A death drake (Zig:7)
  3 glowing orange brains
  6 spriggan simulacra
  56 deep trolls
  11 orb spiders
  20 ironbound convokers
  31 shadow demons
  4 thermic dynamos
  6 bog bodies
  21 sun moths
  An anaconda skeleton (Tomb:3)
  2 obsidian statues (Zig:7)
  21 flayed ghosts
  A naga ritualist (Zig:6)
  An iron giant skeleton (Crypt:1)
  3 swamp dragons (Zig:5)
  2 orange crystal statues
  An obsidian bat (Zig:13)
  8 lindwurms
  13 harpies
  7 arcanists
  2 lightning spires
  10 necromancers
  A lindwurm (shapeshifter) (Zig:11)
  12 phantasmal warriors
  30 deep elf pyromancers
  16 orc knights
  11 manticores
  A shining eye (shapeshifter) (Depths:3)
  31 deep elf zephyrmancers
  18 starcursed masses (Abyss:3)
  21 wolf spiders
  11 cyclopes
  A will-o-the-wisp (Zig:5)
  2 wolf spiders (shapeshifter)
  46 ugly things
  6 orc sorcerers
  8 steelbarb worms
  A faun (shapeshifter) (Vaults:5)
  A spectral alligator snapping turtle (Tar:3)
  2 oklob plants (D:14)
  A spectral ettin (Tar:2)
  A salamander (D:15)
  8 fauns
  28 moths of wrath
  A worldbinder (Abyss:3)
  2 meliai (Spider:4)
  A meliai (shapeshifter) (Elf:3)
  5 shining eyes
  2 centaur zombies
  An alligator skeleton (Crypt:2)
  An elephant (shapeshifter) (Spider:2)
  A guardian serpent (shapeshifter) (Vaults:5)
  4 apocalypse crabs (Abyss:3)
  16 rust devils
  5 elephants (Lair:4)
  159 smoke demons
  A kobold blastminer (Zig:14)
  32 orange demons (Pan)
  14 vault sentinels
  7 water nymphs
  7 black mambas
  2 eyes of devastation
  4 guardian serpents (Zot:3)
  A naga zombie (Crypt:3)
  3 ice statues
  A human skeleton (Crypt:1)
  7 merfolk sirens
  53 hellions
  3 centaur skeletons
  A gargoyle (D:10)
  15 cane toads
  5 titan simulacra
  A water nymph (shapeshifter) (Vaults:5)
  6 torpor snails
  8 molten gargoyles (Geh:7)
  A storm dragon simulacrum (Crypt:3)
  24 rime drakes
  An unseen horror (Abyss:3)
  7 spectral swamp worms (Tar:7)
  A rime drake (shapeshifter) (Lair:5)
  9 komodo dragons
  Jeremiah (D:6)
  141 large abominations
  7 anaconda simulacra
  3 kobold demonologists
  2 tengu conjurers
  29 efreet
  9 freezing wraiths
  34 yaktaurs
  4 iron giant simulacra
  6 ice devils
  67 tormentors
  8 trolls
  5 ancient zymes (Abyss:3)
  19 red devils
  2 golden dragon simulacra
  5 spectral harpies
  A merfolk (shapeshifter) (Vaults:5)
  A white draconian skeleton (Crypt:1)
  3 silent spectres
  2 harpy zombies
  51 guardian mummies
  20 merfolk
  A great orb of eyes zombie (Crypt:2)
  35 hellwings
  A tengu simulacrum (Depths:3)
  An alligator simulacrum (Coc:1)
  2 harpy skeletons
  14 wind drakes
  A hornet (shapeshifter) (Elf:3)
  A hydra skeleton (Crypt:1)
  16 polar bears
  9 snapping turtles
  26 jumping spiders
  A hornet (D:9)
  A blink frog (shapeshifter) (D:10)
  16 raiju
  An ettin zombie (Vaults:3)
  22 blink frogs
  A fire giant simulacrum (Depths:3)
  10 glass eyes
  A meliai zombie (Crypt:1)
  A raiju (shapeshifter) (Lair:5)
  18 tarantellas
  16 dream sheep
  A slime creature (shapeshifter) (Depths:3)
  3 stone giant simulacra
  4 iron dragon simulacra
  2 centaur simulacra (D:14)
  24 culicivoras
  76 slime creatures
  162 ynoxinuls
  26 yaks
  2 spriggans
  3 naga simulacra
  A shadow (Crypt:3)
  3 dire elephant simulacra
  25 ushabtiu
  Sigmund (D:3)
  6 air elementals
  2 vampires
  A culicivora (shapeshifter) (Zig:11)
  12 water elementals
  8 wyverns
  11 basilisks
  18 humans
  A yak (shapeshifter) (Elf:2)
  An unseen horror simulacrum (D:10)
  12 wraiths
  22 fire elementals
  A hog (Spider:1)
  A black mamba skeleton (Tomb:2)
  4 fire bats (Pan)
  13 wargs
  9 golden eyes
  2 steam dragons
  37 neqoxecs (Pan)
  46 redbacks
  3 alligator snapping turtle simulacra
  12 harpy simulacra
  65 chaos spawn
  3 vampire mosquitoes (D:12)
  A two-headed ogre zombie (Crypt:2)
  A demonspawn zombie (Crypt:1)
  A glowing shapeshifter zombie (Depths:3)
  A swamp worm (shapeshifter) (Depths:3)
  2 spatial vortices (Abyss:3)
  An acid dragon (D:7)
  16 water moccasins
  A swamp worm (Shoals:3)
  3 naga skeletons
  5 hell hounds
  35 laughing skulls
  64 orc warriors
  3 ettin simulacra
  An ice beast (D:6)
  7 black bears
  3 boggarts (Vaults:2)
  40 ogres
  6 wolves
  12 centaurs
  A phantom (D:5)
  A rime drake zombie (Crypt:2)
  A weeping skull (Crypt:3)
  A brain worm (Pan)
  A kobold brigand (D:11)
  15 bullfrogs
  A vine stalker zombie (Crypt:1)
  2 scorpions
  3 gnoll sergeants
  19 small abominations
  2 earth elementals
  4 burial acolytes (Crypt:3)
  17 wights
  9 killer bees (D:9)
  3 howler monkeys
  4 electric eels
  A crimson imp (Abyss:3)
  3 hounds
  2 jellies
  A bullfrog skeleton (Crypt:1)
  9 orc priests
  A gnoll bouda (D:7)
  8 iron imps
  Natasha (thrice) (D:3)
  28 orc wizards
  Ijyb (D:3)
  66 mummies
  19 gnolls
  7 adders
  2 white imps
  An ufetubus (Abyss:3)
  A lava snake skeleton (Crypt:1)
  3 dart slugs
  A ribbon worm (D:5)
  68 orcs
  5 ball pythons
  2 endoplasms
  3 giant cockroaches
  12 goblins
  12 hobgoblins
  4 jackals (D:5)
  4 quokkas
  4 bats
  3 frilled lizards
  8 kobolds
  11 rats
  5 butterflies (Dis:7)
  8 creeping infernos
  34 fire vortices
  2 lurking horrors (Abyss:3)
  A starspawn tentacle (Abyss:3)
  10 tentacles
6035 creatures vanquished.

Vanquished Creatures (collateral kills)
  An orb of fire (Zot:5)
  A royal mummy (Tomb:3)
  An Ice Fiend (Coc:7)
  An iron giant (Dis:6)
  An acid blob (Slime:5)
  A fenstrider witch (Pan)
  An angel (Pan)
  A quicksilver ooze (Slime:5)
  A demonspawn black sun (Pan)
  2 bennus (Tomb:3)
  A minotaur (Spider:4)
  2 green deaths (Pan)
  A blizzard demon (Pan)
  An iron golem (Dis:2)
  A two-headed ogre (D:12)
  4 death scarabs (Tomb:3)
  A dancing weapon (Orc:2)
  A wolf spider (Spider:3)
  A steelbarb worm (Spider:4)
  2 ugly things (D:15)
  A merfolk siren (Lair:3)
  A hellion (Pan)
  4 guardian mummies (Tomb:3)
  2 merfolk (Lair:3)
  2 wind drakes (Pan)
  2 tarantellas (Spider:4)
  2 blink frogs (Lair:5)
  A slime creature (Slime:5)
  3 ushabtiu (Tomb:3)
  3 redbacks
  2 chaos spawn
  An orc warrior (Orc:1)
  An ogre (Orc:2)
  An orc priest (Orc:2)
  A mummy (Tomb:3)
  2 gnolls
  5 orcs
60 creatures vanquished.

Vanquished Creatures (others)
  11 royal mummies
  A Killer Klown (Zot:5)
  A Brimstone Fiend (Zig:8)
  2 Orb Guardians (Zot:5)
  2 titans (Pan)
  An ancient champion (Tomb:1)
  A nagaraja (Zig:6)
  A fenstrider witch (Pan)
  A rockslime (Slime:5)
  2 balrugs (Pan)
  A draconian knight (Depths:4)
  A spectral caustic shrike (Geh:6)
  A ghost moth (Pan)
  A draconian stormcaller (Zot:3)
  An orc warlord (Orc:2)
  A demonspawn blood saint (Pan)
  2 wendigos (Coc:3)
  3 bennus
  A spark wasp (Depths:3)
  A blizzard demon (Pan)
  A mummy priest (Tomb:3)
  2 green deaths (Pan)
  A fire dragon (Depths:1)
  A caustic shrike simulacrum (Coc:3)
  A jorogumo (Pan)
  An ogre mage (Orc:2)
  A spriggan air mage (Pan)
  A rakshasa (Pan)
  A juggernaut simulacrum (Coc:3)
  A dancing weapon (Orc:2)
  A two-headed ogre (Orc:2)
  A demonic crawler (Pan)
  3 death scarabs
  A spriggan berserker (Depths:4)
  A soul eater (D:15)
  2 deep elf knights
  A shock serpent (Zig:6)
  4 sun demons (Pan)
  A deep elf archer (Zig:9)
  A bog body (Crypt:3)
  A deep elf zephyrmancer (Elf:2)
  A wolf spider (Spider:4)
  A torpor snail (Zig:12)
  2 hellions (Pan)
  3 smoke demons
  A tormentor (Geh:4)
  2 wind drakes (Pan)
  A jumping spider (Zig:12)
  2 tarantellas (Spider:3)
  3 ynoxinuls (Pan)
  2 wyverns (Zig:7)
  3 ushabtiu
  2 neqoxecs
  A redback (Spider:3)
  2 chaos spawn
  2 harpy simulacra (Coc:3)
  An ettin simulacrum (Coc:6)
  An orc warrior (Bailey)
  2 orc wizards
  A gnoll (Bailey)
  2 orcs
  3 goblins (Bailey)
  A hobgoblin (Bailey)
  An orc zombie (D:7)
  6 ball lightnings (Pan)
  A creeping inferno (Geh:6)
  2 fire vortices
  3 snaplasher vines
  2 starspawn tentacles
  16 tentacles
134 creatures vanquished.

Grand Total: 6229 creatures vanquished

Notes
Turn   | Place    | Note
-------+----------+-------------------------------------------
     0 | D:1      | HilariousDeathArtist the Oni Chaos Knight began the quest
                  | for the Orb.
     0 | D:1      | Reached XP level 1. HP: 24/24 MP: 1/1
     9 | D:1      | Found Olleokut's Distillery.
   115 | D:1      | Reached XP level 2. HP: 15/33 MP: 2/2
   130 | D:1      | Found a faded altar of an unknown god.
   366 | D:1      | XOM: silly message
   413 | D:1      | Reached skill level 5 in Fighting
   697 | D:1      | XOM: divination: detect items
   834 | D:2      | XOM: divination: magic mapping
   839 | D:2      | Reached XP level 3. HP: 44/44 MP: 3/3
  1099 | D:2      | Reached skill level 6 in Fighting
  1331 | D:2      | XOM: god gift: 33 gold pieces
  1524 | D:3      | Noticed Sigmund
  1528 | D:3      | XOM: divination: magic mapping
  1533 | D:3      | Killed Sigmund
  1534 | D:3      | Reached skill level 8 in Fighting
  1534 | D:3      | Reached XP level 4. HP: 41/57 MP: 4/4
  1534 | D:3      | Reached XP level 5. HP: 45/63 MP: 5/5
  1706 | D:3      | Noticed Ijyb
  1713 | D:3      | Killed Ijyb
  1714 | D:3      | Reached XP level 6. HP: 61/74 MP: 6/6
  2059 | D:3      | Noticed Natasha
  2064 | D:3      | Killed Natasha
  2151 | D:3      | XOM: silly message
  2197 | D:3      | Noticed Natasha
  2203 | D:4      | Reached skill level 9 in Fighting
  2260 | D:4      | XOM: torment (39/75 hp)
  2365 | D:4      | XOM: summons 2 hostile shadow creatures
  2654 | D:4      | Found a staircase to the Ecumenical Temple.
  2684 | D:4      | Reached skill level 10 in Fighting
  2887 | D:4      | Reached XP level 7. HP: 85/85 MP: 7/7
  2889 | D:4      | XOM: polymorph adder -> centaur
  2986 | D:5      | Entered Level 5 of the Dungeon
  3001 | D:5      | XOM: summons friendly quasit
  3069 | D:5      | Reached skill level 11 in Fighting
  3132 | D:5      | XOM: polymorph jelly -> quokka
  3410 | D:5      | Reached skill level 12 in Fighting
  3410 | D:5      | Reached XP level 8. HP: 98/98 MP: 8/8
  3487 | D:5      | XOM: summons friendly ufetubus
  3674 | D:5      | XOM: god gift: staff of air
  3697 | D:5      | XOM: give mutation
  3697 | D:5      | Gained mutation: You are partially covered in iridescent
                  | scales. (AC +2) [Xom's mischief]
  3857 | D:6      | Reached skill level 13 in Fighting
  4005 | D:6      | XOM: 3-stop teleportation journey
  4079 | D:6      | XOM: polymorph orc -> frilled lizard
  4103 | D:6      | Reached skill level 1 in Polearms
  4155 | D:6      | Reached skill level 2 in Polearms
  4215 | D:6      | Found Joz Gihe's Assorted Antiques.
  4223 | D:6      | Bought 2 bubbling purple potions for 50 gold pieces
  4223 | D:6      | Bought a yellow potion for 25 gold pieces
  4223 | D:6      | Bought an opal ring for 140 gold pieces
  4396 | D:6      | Noticed Jeremiah
  4400 | D:6      | XOM: torment (52/101 hp)
  4402 | D:6      | HP: 24/101 [Jeremiah/divine providence (17)]
  4602 | D:4      | XOM: summons 5 hostile demons
  4603 | D:4      | Noticed a soul eater
  4609 | D:3      | Killed Natasha
  4617 | D:3      | Noticed Natasha
  4686 | D:3      | Killed Natasha
  4707 | D:1      | Bought a potion of haste for 100 gold pieces
  4778 | D:6      | XOM: repel stairs
  4792 | D:6      | XOM: chaos cloud
  4796 | D:6      | XOM: 4-stop teleportation journey
  4812 | D:6      | Killed Jeremiah
  4813 | D:6      | Reached skill level 4 in Polearms
  4813 | D:6      | Reached XP level 9. HP: 105/110 MP: 9/9
  5404 | D:7      | Found a flagged portal.
  5426 | Bailey   | Entered a bailey
  5451 | Bailey   | Noticed an orc knight
  5467 | Bailey   | XOM: summons friendly iron imp
  5475 | Bailey   | Killed an orc knight
  5476 | Bailey   | Reached skill level 6 in Polearms
  5568 | Bailey   | XOM: god gift: mace {god gift}
  5667 | Bailey   | XOM: scenery: 1 fountains blood, 2 doors open
  5673 | Bailey   | XOM: chaos upgrade
  5724 | Bailey   | XOM: destruction
  5764 | Bailey   | Noticed an orc high priest
  5778 | Bailey   | XOM: cast spell 'Leda's Liquefaction'
  5787 | Bailey   | Killed an orc high priest
  5788 | Bailey   | Reached skill level 5 in Axes
  5858 | Bailey   | Reached skill level 6 in Axes
  5867 | Bailey   | XOM: divination: magic mapping
  5881 | Bailey   | XOM: scenery: summon butterflies
  5912 | Bailey   | Found an iron altar of Okawaru.
  5912 | Bailey   | Noticed a kobold demonologist
  5912 | Bailey   | XOM: 2-stop teleportation journey
  5918 | Bailey   | Killed a kobold demonologist
  5918 | Bailey   | XOM: scenery: 3 doors close
  5919 | Bailey   | Reached skill level 7 in Axes
  5919 | Bailey   | Reached XP level 10. HP: 87/119 MP: 10/10
  5923 | Bailey   | Reached skill level 8 in Axes
  5932 | Bailey   | XOM: scenery: 3 doors open
  6266 | Bailey   | XOM: give mutations
  6266 | Bailey   | Gained mutation: You are somewhat resistant to further
                  | mutation. [Xom's grace]
  6266 | Bailey   | Gained mutation: Your spells are a little harder to cast,
                  | but a little more powerful. [Xom's grace]
  6266 | Bailey   | Gained mutation: You are partially covered in large bone
                  | plates. (SH +4) [Xom's grace]
  6266 | Bailey   | Gained mutation: You possess an exceptional clarity of
                  | mind. [Xom's grace]
  6485 | D:7      | XOM: cleaving
  6503 | D:7      | Acquired 1004 gold pieces
  6673 | D:7      | XOM: divination: detect items
  6686 | D:7      | Reached skill level 9 in Axes
  6687 | D:7      | XOM: give mutations
  6687 | D:7      | Gained mutation: Your muscles are strong. (Str +4, Int/Dex
                  | -1) [Xom's grace]
  6687 | D:7      | Gained mutation: You are strong-willed. (Will+) [Xom's
                  | grace]
  6687 | D:7      | Gained mutation: Your muscles are very strong. (Str +8,
                  | Int/Dex -2) [Xom's grace]
  6687 | D:7      | Gained mutation: You are mostly covered in iridescent
                  | scales. (AC +4) [Xom's grace]
  6828 | D:7      | XOM: cleaving
  7242 | D:1      | Bought a potion of heal wounds for 50 gold pieces
  7242 | D:1      | Bought a potion of degeneration for 10 gold pieces
  7242 | D:1      | Bought a potion of attraction for 30 gold pieces
  7242 | D:1      | Bought a potion of resistance for 100 gold pieces
  7242 | D:1      | Bought a potion of lignification for 30 gold pieces
  7242 | D:1      | Bought a potion of might for 40 gold pieces
  7384 | D:8      | XOM: 5-stop teleportation journey
  7390 | D:8      | XOM: summons friendly crimson imp
  7391 | D:8      | Reached skill level 10 in Axes
  7543 | D:8      | Found Nefuept's Vocational Training.
  7552 | D:8      | Found a shimmering blue altar of Sif Muna.
  7552 | D:8      | XOM: 7-stop teleportation journey
  7767 | D:8      | XOM: divination: magic mapping
  7770 | D:8      | Reached skill level 11 in Axes
  7775 | D:8      | Reached XP level 11. HP: 111/127 MP: 11/11
  7866 | D:8      | XOM: fake destruction
  7972 | D:8      | Found a broken altar of Ashenzari.
  8220 | D:9      | Reached skill level 12 in Axes
  8314 | D:9      | XOM: noise
  8458 | D:9      | XOM: cloud trail
  8476 | D:9      | XOM: 5-stop teleportation journey
  8912 | D:9      | Found a sacrificial altar of Ru.
  9140 | D:10     | Entered Level 10 of the Dungeon
  9182 | D:10     | Noticed a cyclops
  9201 | D:10     | Killed a cyclops
  9216 | D:10     | Reached skill level 13 in Axes
  9224 | D:10     | XOM: cloud trail
  9299 | D:10     | Noticed a boulder beetle
  9314 | D:10     | XOM: cast spell 'Animate Armour'
  9316 | D:10     | HP: 31/127 [boulder beetle (2)]
  9321 | D:10     | Killed a boulder beetle
  9488 | D:10     | XOM: cloud trail
  9583 | D:10     | Found a staircase to the Lair.
  9608 | D:10     | XOM: 4-stop teleportation journey
  9623 | D:10     | Noticed a centaur warrior
  9628 | D:10     | Killed a centaur warrior
  9696 | D:10     | XOM: silly message
  9697 | D:10     | Reached skill level 14 in Axes
  9870 | D:10     | Noticed Snorg
  9873 | D:10     | XOM: silly message
  9881 | D:10     | XOM: silly message
  9885 | D:10     | Killed Snorg
  9913 | D:10     | XOM: stat loss: -1 Int (10/11)
  9942 | D:10     | XOM: silly message
  9962 | D:10     | XOM: chaos cloud
  9966 | D:10     | XOM: confuse monster(s)
  9977 | D:10     | Identified the +11 falchion "Ylyl" {freeze, rN++ Will-}
 10022 | D:10     | Reached XP level 12. HP: 132/136 MP: 12/12
 10035 | D:10     | Reached skill level 15 in Axes
 10112 | D:10     | Identified the +9 orcbow of the Inquisitive Bones {freeze,
                  | Will+}
 10133 | D:10     | Found a glowing golden altar of the Shining One.
 10194 | D:10     | XOM: 4-stop teleportation journey
 10354 | D:10     | XOM: give mutations
 10354 | D:10     | Lost mutation: You are somewhat resistant to further
                  | mutation. [Xom's mischief]
 10354 | D:10     | Lost mutation: You are mostly covered in iridescent scales.
                  | (AC +4) [Xom's mischief]
 10354 | D:10     | Gained mutation: You occasionally shout uncontrollably at
                  | your foes. [Xom's mischief]
 10525 | D:10     | XOM: summons 2 hostile demons
 10608 | D:11     | Noticed a tengu warrior
 10608 | D:11     | Noticed an ogre mage
 10609 | D:11     | Noticed an ogre mage
 10619 | D:11     | Killed an ogre mage
 10626 | D:11     | XOM: polymorph tengu warrior -> tengu warrior
 10627 | D:10     | XOM: polymorph cyclops -> rime drake
 10630 | D:10     | Killed a tengu warrior
 10633 | D:10     | Reached skill level 16 in Axes
 10783 | D:11     | Killed an ogre mage
 10862 | D:11     | Noticed a two-headed ogre
 10868 | D:11     | Killed a two-headed ogre
 11027 | D:11     | Noticed a two-headed ogre
 11034 | D:11     | Killed a two-headed ogre
 11174 | D:11     | XOM: 2-stop teleportation journey
 11328 | D:11     | Noticed a minotaur
 11341 | D:11     | Noticed prad's ghost (journeyman GnHu)
 11391 | D:11     | Found a runed translucent gate.
 11392 | D:11     | Found a runed translucent gate.
 11393 | D:11     | Found a runed translucent gate.
 11757 | D:12     | XOM: polymorph gnoll sergeant -> human
 11761 | D:12     | XOM: summons friendly quasit
 11773 | D:12     | XOM: scenery: 1 doors open
 11951 | D:12     | Reached skill level 17 in Axes
 11985 | D:12     | XOM: fake destruction
 11988 | D:12     | XOM: divination: detect items
 12032 | D:12     | XOM: give mutations
 12032 | D:12     | Gained mutation: Your spells are harder to cast, but more
                  | powerful. [Xom's grace]
 12032 | D:12     | Gained mutation: You are robust. (+10% HP) [Xom's grace]
 12167 | D:12     | XOM: stat loss: -1 Int (10/11)
 12390 | D:12     | XOM: divination: magic mapping
 12394 | D:12     | Found a staircase to the Orcish Mines.
 12522 | D:12     | Reached XP level 13. HP: 158/158 MP: 13/13
 12697 | D:12     | Reached skill level 1 in Armour
 12748 | D:12     | XOM: give mutation
 12748 | D:12     | Gained mutation: You expend magic power (3 MP) to
                  | strengthen your wands. [Xom's grace]
 12774 | D:12     | XOM: scenery: summon butterflies
 12796 | D:12     | Found Sikid Suy's Magic Scroll Boutique.
 12799 | D:12     | Bought a scroll of acquirement for 676 gold pieces
 12799 | D:12     | Bought a scroll of fear for 52 gold pieces
 12799 | D:12     | Bought a scroll of fear for 52 gold pieces
 12799 | D:12     | Bought a scroll of fear for 52 gold pieces
 12799 | D:12     | Bought a scroll of fear for 52 gold pieces
 12799 | D:12     | Bought a scroll of summoning for 123 gold pieces
 12799 | D:12     | Bought a scroll of poison for 52 gold pieces
 12799 | D:12     | Acquired a +2 tower shield of cold resistance
 12860 | D:12     | XOM: cleaving
 12870 | D:12     | Reached skill level 1 in Shields
 12989 | D:13     | Reached skill level 3 in Dodging
 13096 | D:13     | XOM: swap monsters
 13101 | D:13     | Reached skill level 2 in Armour
 13101 | D:13     | Reached skill level 2 in Shields
 13142 | D:13     | XOM: summons 7 hostile demons
 13153 | D:13     | Got the Incunabulum of Bringing Forth and the Glacier
 13157 | D:13     | Found a portal to a secret trove of treasure.
 13308 | D:13     | XOM: give mutations
 13308 | D:13     | Lost mutation: Your spells are harder to cast, but more
                  | powerful. [Xom's mischief]
 13308 | D:13     | Lost mutation: You are partially covered in iridescent
                  | scales. (AC +2) [Xom's mischief]
 13308 | D:13     | Lost mutation: You are strong-willed. (Will+) [Xom's
                  | mischief]
 13308 | D:13     | Lost mutation: Your muscles are very strong. (Str +8,
                  | Int/Dex -2) [Xom's mischief]
 13311 | D:13     | XOM: silly message
 13316 | D:13     | Reached skill level 14 in Fighting
 13404 | D:13     | Found Orryjeger's Book Emporium.
 13498 | D:13     | XOM: silly message
 13509 | D:13     | XOM: give mutation
 13509 | D:13     | Gained mutation: You are strong-willed. (Will+) [Xom's
                  | mischief]
 13609 | Lair:1   | Entered Level 1 of the Lair of Beasts
 13615 | Lair:1   | XOM: 1-stop teleportation journey
 13674 | Lair:1   | Noticed Gastronok
 13690 | Lair:1   | Killed Gastronok
 13691 | Lair:1   | Reached skill level 3 in Shields
 13861 | Lair:1   | XOM: 1-stop teleportation journey
 13869 | Lair:1   | XOM: chaos cloud
 14436 | Lair:2   | Reached skill level 3 in Armour
 14436 | Lair:2   | Reached skill level 1 in Spellcasting
 14570 | Lair:2   | Reached skill level 4 in Dodging
 14570 | Lair:2   | Reached skill level 4 in Shields
 14724 | Lair:2   | XOM: 1-stop teleportation journey
 14731 | Lair:2   | Reached skill level 2 in Spellcasting
 14884 | Lair:2   | XOM: summons 2 friendly demons
 15086 | Lair:2   | Found a hole to the Spider Nest.
 15096 | Lair:2   | XOM: confuse monster(s)
 15172 | Lair:2   | XOM: stat loss: -1 Dex (6/7)
 15268 | Lair:2   | XOM: silly message
 15578 | Lair:2   | XOM: summons 4 hostile shadow creatures
 15586 | Lair:2   | XOM: polymorph yak -> sea snake
 15598 | Lair:2   | XOM: silly message
 15728 | Lair:3   | Reached skill level 5 in Shields
 15770 | Lair:3   | XOM: enchant monster (good)
 15794 | Lair:3   | Reached skill level 3 in Spellcasting
 15989 | Lair:3   | Found a staircase to the Shoals.
 15992 | Lair:3   | XOM: smoke on damage
 15999 | Lair:3   | XOM: blink monster(s)
 16001 | Lair:3   | Reached skill level 4 in Armour
 16005 | Lair:3   | HP: 36/162 [merfolk/+0 trident (9)]
 16011 | Lair:3   | HP: 33/162 [merfolk/+0 trident (2)]
 16115 | Lair:3   | XOM: cloud trail
 16344 | Lair:3   | XOM: divination: detect creatures
 16347 | Lair:3   | Reached XP level 14. HP: 172/172 MP: 18/18
 16397 | Lair:3   | XOM: destruction
 16406 | Lair:3   | Reached skill level 5 in Dodging
 16407 | Lair:3   | Reached skill level 6 in Shields
 16953 | Lair:4   | Reached skill level 15 in Fighting
 17007 | Lair:4   | Reached skill level 4 in Spellcasting
 17112 | Lair:4   | Identified the +1 leather armour of Nuetiew {+Inv rElec
                  | Regen+}
 17271 | Lair:4   | XOM: noise
 17464 | Lair:4   | XOM: give mutations
 17464 | Lair:4   | Lost mutation: You expend magic power (3 MP) to strengthen
                  | your wands. [Xom's mischief]
 17464 | Lair:4   | Lost mutation: You possess an exceptional clarity of mind.
                  | [Xom's mischief]
 17464 | Lair:4   | Lost mutation: You are robust. (+10% HP) [Xom's mischief]
 17464 | Lair:4   | Gained mutation: Your magical capacity is low. (-10% MP)
                  | [Xom's mischief]
 17500 | Lair:4   | XOM: enchant monster (bad)
 17509 | Lair:4   | XOM: 4-stop teleportation journey
 17521 | Lair:4   | Reached skill level 5 in Armour
 17521 | Lair:4   | XOM: 2-stop teleportation journey
 17662 | Lair:4   | Found a bloodstained altar of Trog.
 17679 | Lair:4   | Reached skill level 7 in Shields
 17758 | Lair:4   | XOM: confusion (+ monsters)
 17900 | Lair:5   | Entered Level 5 of the Lair of Beasts
 17908 | Lair:5   | Found a staircase to the Slime Pits.
 17920 | Lair:5   | XOM: enchant monster (good)
 17941 | Lair:5   | XOM: cleaving
 18171 | Lair:5   | Acquired the ring of Vinoinao {rPois rF++ rC+}
 18200 | Lair:5   | Reached skill level 5 in Spellcasting
 18585 | Lair:5   | XOM: 1-stop teleportation journey
 18914 | Lair:5   | Reached skill level 6 in Dodging
 19106 | Lair:5   | Reached skill level 8 in Shields
 19303 | Lair:5   | XOM: draining
 19373 | Lair:5   | XOM: blink monster(s)
 19375 | Lair:5   | XOM: polymorph large abomination -> large abomination
 19376 | Lair:5   | XOM: confuse monster(s)
 19382 | Lair:5   | XOM: chaos upgrade
 19393 | Lair:5   | Reached XP level 15. HP: 135/161 MP: 18/21
 19403 | Lair:5   | Found a corrupted altar of Lugonu.
 19403 | Lair:5   | Found a one-way gate to the infinite horrors of the Abyss.
 19406 | Lair:5   | XOM: confuse monster(s)
 19412 | Lair:5   | Reached skill level 6 in Spellcasting
 19504 | Lair:5   | Reached skill level 6 in Armour
 19833 | Lair:5   | XOM: summons 5 hostile demons
 20116 | Orc:1    | Entered Level 1 of the Orcish Mines
 20315 | Orc:2    | Entered Level 2 of the Orcish Mines
 20337 | Orc:2    | Reached skill level 16 in Fighting
 20349 | Orc:2    | HP: 41/170 [something (2)]
 20349 | Orc:2    | HP: 20/170 [two-headed ogre/+0 giant club (21)]
 20364 | Orc:2    | Reached skill level 9 in Shields
 20369 | Orc:2    | HP: 42/170 [something (8)]
 20373 | Orc:2    | HP: 20/170 [something (4)]
 20376 | Orc:2    | XOM: polymorph ogre -> hobgoblin
 20394 | Orc:1    | XOM: god gift: 40 gold pieces
 20603 | Orc:2    | XOM: divine lightning
 20605 | Orc:2    | Reached skill level 7 in Dodging
 20634 | Orc:2    | Found Xiasor's Magic Scroll Shop.
 20634 | Orc:2    | Found Peih's Assorted Antiques.
 20635 | Orc:2    | Found Ymieh's Distillery.
 20635 | Orc:2    | Found Boalopn's Assorted Antiques.
 20649 | Orc:2    | Noticed an orc warlord
 20650 | Orc:2    | XOM: cleaving
 20658 | Orc:2    | XOM: summons 5 friendly demons
 20668 | Orc:2    | Killed an orc warlord
 20671 | Orc:2    | HP: 39/171 [orc warrior/+0 hand axe[an orc warlord] (6)]
 20687 | Orc:1    | HP: 21/171 [troll (16)]
 20692 | Orc:1    | Reached skill level 7 in Spellcasting
 20962 | Orc:1    | Found Eddugoe's Book Emporium.
 20996 | Orc:1    | XOM: summons 7 friendly demons
 20998 | Orc:1    | Noticed an orc warlord
 21002 | Orc:1    | XOM: cleaving
 21022 | Orc:1    | Killed an orc warlord
 21132 | Orc:1    | XOM: give mutations
 21132 | Orc:1    | Gained mutation: Your health recovers twice as slowly from
                  | being drained. [Xom's mischief]
 21132 | Orc:1    | Gained mutation: You are partially covered in iridescent
                  | scales. (AC +2) [Xom's mischief]
 21132 | Orc:1    | Gained mutation: You have a pair of horns on your head.
                  | [Xom's mischief]
 21528 | Orc:2    | Bought a scroll of blinking for 90 gold pieces
 21528 | Orc:2    | Bought a scroll of blinking for 90 gold pieces
 21538 | Orc:2    | XOM: scenery: summon butterflies
 21589 | Orc:2    | Found a runed translucent gate.
 21589 | Orc:2    | Found a runed translucent gate.
 21589 | Orc:2    | Found a runed translucent gate.
 21591 | Orc:2    | Found an opulent altar of Gozag.
 21594 | Orc:2    | Noticed mdk's ghost (journeyman DECj)
 21627 | Orc:2    | Found Galiovvosu's CLEARANCE SALE!.
 21684 | Orc:2    | Bought a wand of iceblast (6) for 72 gold pieces
 21938 | Orc:2    | Found a staircase to the Elven Halls.
 22047 | Orc:2    | Found Goarhog's Assorted Antiques.
 22051 | Orc:2    | XOM: summons 7 friendly demons
 22064 | Orc:2    | Killed mdk's ghost
 22140 | Orc:2    | Bought a dazzling cloak for 332 gold pieces
 22140 | Orc:2    | Identified the +2 cloak of Hopscotch {Harm} (You bought it
                  | in a shop on level 2 of the Orcish Mines)
 22173 | Orc:2    | Bought a masterwork robe for 188 gold pieces
 22173 | Orc:2    | Identified the +1 robe of Knowledge {rN+++ Str+7 Slay-2}
                  | (You bought it in a shop on level 2 of the Orcish Mines)
 22209 | Orc:2    | Reached skill level 7 in Armour
 22209 | Orc:2    | Reached skill level 10 in Shields
 22209 | Orc:2    | Reached XP level 16. HP: 180/180 MP: 24/24
 22373 | D:8      | Bought a manual of Evocations for 960 gold pieces
 22542 | D:14     | XOM: summons 16 friendly demons
 22563 | D:14     | Found a broken altar of Ashenzari.
 22581 | D:14     | Reached skill level 1 in Evocations
 22583 | D:14     | XOM: enchant monster (good)
 22958 | D:14     | XOM: enchant monster (good)
 23049 | D:14     | Reached skill level 2 in Evocations
 23144 | D:14     | Reached skill level 8 in Spellcasting
 23151 | D:14     | Reached skill level 17 in Fighting
 23183 | D:14     | Found a gate to the Vaults.
 23189 | D:14     | XOM: enchant monster (good)
 23195 | D:14     | XOM: polymorph arcanist -> black mamba
 23201 | D:14     | Reached XP level 17. HP: 130/191 MP: 17/26
 23202 | D:14     | Reached skill level 8 in Dodging
 23203 | D:14     | XOM: fog
 23285 | D:14     | XOM: noise
 23329 | D:14     | XOM: give mutations
 23329 | D:14     | Lost mutation: You have a pair of horns on your head.
                  | [Xom's mischief]
 23329 | D:14     | Lost mutation: You are partially covered in large bone
                  | plates. (SH +4) [Xom's mischief]
 23329 | D:14     | Lost mutation: You are strong-willed. (Will+) [Xom's
                  | mischief]
 23394 | D:14     | XOM: scenery: create altars
 23437 | D:14     | XOM: fog
 23556 | D:14     | Reached skill level 3 in Evocations
 23590 | D:15     | Entered Level 15 of the Dungeon
 23614 | D:15     | Noticed Jorgrun
 23631 | D:15     | HP: 45/191 [Jorgrun/staff of earth (27)]
 23635 | D:15     | Killed Jorgrun
 23822 | D:14     | XOM: divination: detect creatures
 23877 | D:15     | XOM: give mutations
 23877 | D:15     | Gained mutation: You are agile. (Dex +4, Str/Int -1) [Xom's
                  | grace]
 23877 | D:15     | Gained mutation: You are somewhat resistant to further
                  | mutation. [Xom's grace]
 23877 | D:15     | Gained mutation: You are somewhat resistant to both further
                  | mutation and mutation removal. [Xom's grace]
 23877 | D:15     | Gained mutation: You expend magic power (3 MP) to
                  | strengthen your wands. [Xom's grace]
 23890 | D:15     | Noticed Louise
 23903 | D:15     | Killed Louise
 23911 | D:15     | XOM: give mutation
 23911 | D:15     | Gained mutation: You have sharp toenails. [Xom's grace]
 23980 | D:15     | Reached skill level 11 in Shields
 24060 | D:15     | XOM: cleaving
 24064 | D:15     | XOM: fog
 24195 | D:15     | XOM: fake destruction
 24197 | D:15     | XOM: potion effect (invisibility)
 24198 | D:15     | XOM: summons 11 friendly demons
 24203 | D:15     | Reached skill level 8 in Armour
 24314 | D:15     | Reached skill level 4 in Evocations
 24342 | D:15     | Found a staircase to the Depths.
 24354 | D:15     | XOM: confuse monster(s)
 24626 | Orc:2    | Bought a scroll of teleportation for 105 gold pieces
 24627 | Orc:2    | Bought a scroll of teleportation for 105 gold pieces
 24628 | Orc:2    | Bought a scroll of teleportation for 36 gold pieces
 24628 | Orc:2    | Bought a scroll of fog for 48 gold pieces
 24775 | Spider:1 | Entered Level 1 of the Spider Nest
 24779 | Spider:1 | XOM: divination: detect items
 25072 | Spider:1 | Noticed Mlioglotl
 25072 | Spider:1 | XOM: 2-stop teleportation journey
 25077 | Spider:1 | Killed Mlioglotl
 25320 | Spider:1 | XOM: god gift: pair of gloves {god gift}
 25510 | Spider:1 | Reached skill level 9 in Spellcasting
 25540 | Spider:1 | XOM: silly message
 25589 | Spider:1 | Reached skill level 5 in Evocations
 25682 | Spider:1 | Noticed Kirke
 25685 | Spider:1 | Killed Kirke
 25717 | Spider:1 | Identified the +0 robe "Vosucrerr" {*Slow rN+++ Will+
                  | Dex-2}
 26196 | Spider:2 | Noticed Nikola
 26197 | Spider:2 | XOM: divination: detect creatures
 26205 | Spider:2 | XOM: silly message
 26224 | Spider:2 | Killed Nikola
 26282 | Spider:2 | XOM: summons friendly white imp
 26288 | Spider:1 | HP: 45/193 [poisoned by a redback]
 26289 | Spider:1 | Reached skill level 12 in Shields
 26605 | Spider:2 | XOM: divine lightning
 26612 | Spider:2 | XOM: polymorph orb spider -> glowing shapeshifter
 26682 | Spider:2 | Reached skill level 6 in Evocations
 26722 | Spider:2 | XOM: cloud trail
 26908 | Spider:2 | XOM: divination: magic mapping
 27393 | Spider:3 | Reached skill level 9 in Dodging
 27440 | Spider:3 | XOM: divine lightning
 27446 | Spider:3 | Reached XP level 18. HP: 200/202 MP: 28/28
 27482 | Spider:3 | XOM: 5-stop teleportation journey
 27502 | Spider:3 | Reached skill level 18 in Fighting
 27560 | Spider:3 | XOM: destruction
 27560 | Spider:3 | Noticed Arachne
 27565 | Spider:3 | XOM: enchant monster (good)
 27571 | Spider:3 | Killed Arachne
 27572 | Spider:3 | Reached skill level 9 in Armour
 27610 | Spider:3 | XOM: god gift: 986 gold pieces
 27705 | Spider:3 | XOM: stat loss: -1 Str (36/37)
 27712 | Spider:3 | XOM: polymorph jorogumo -> jorogumo
 27720 | Spider:3 | XOM: summons 5 hostile demons
 27775 | Spider:3 | Learned a level 2 spell: Blink
 27777 | Spider:3 | Learned a level 1 spell: Apportation
 27782 | Spider:3 | Learned a level 4 spell: Passage of Golubria
 27788 | Spider:3 | Learned a level 5 spell: Summon Forest
 27868 | Spider:3 | XOM: silly message
 27948 | Spider:3 | XOM: give mutations
 27948 | Spider:3 | Lost mutation: You are agile. (Dex +4, Str/Int -1) [Xom's
                  | mischief]
 27948 | Spider:3 | Lost mutation: Your muscles are strong. (Str +4, Int/Dex
                  | -1) [Xom's mischief]
 27976 | Spider:3 | XOM: swap monsters
 27977 | Spider:3 | XOM: fog
 28121 | Spider:3 | Identified the serpent talisman of Honour {Will++ Str+3
                  | Dex+2 Slay-6}
 28121 | Spider:3 | Noticed Aizul
 28138 | Spider:3 | Killed Aizul
 28380 | Spider:3 | Noticed Donald
 28396 | Spider:3 | XOM: silly message
 28400 | Spider:3 | Killed Donald
 28628 | Spider:3 | XOM: silly message
 28915 | Spider:3 | XOM: summons 1 hostile shadow creature
 29016 | Spider:4 | Entered Level 4 of the Spider Nest
 29041 | Spider:4 | Reached skill level 1 in Translocations
 29111 | Spider:4 | XOM: summons 7 hostile demons
 29126 | Spider:4 | XOM: chaos cloud
 29131 | Spider:4 | XOM: blink monster(s)
 29138 | Spider:4 | Reached skill level 10 in Spellcasting
 29207 | Spider:4 | XOM: god gift: orcbow {god gift}
 29281 | Spider:4 | Reached skill level 7 in Evocations
 29414 | Spider:4 | XOM: noise
 29479 | Spider:4 | XOM: divination: detect items
 29509 | Spider:4 | XOM: divination: detect items
 29526 | Spider:4 | HP: 51/205 [something (1)]
 29528 | Spider:4 | XOM: smoke on damage
 29852 | Spider:4 | Reached skill level 2 in Translocations
 29855 | Spider:4 | XOM: summons 16 friendly demons
 29947 | Spider:4 | XOM: stat loss: -1 Str (33/34)
 30050 | Spider:4 | XOM: summons friendly crimson imp
 30053 | Spider:4 | XOM: scenery: summon butterflies
 30056 | Spider:4 | XOM: summons 12 friendly demons
 30066 | Spider:4 | XOM: polymorph wolf spider -> minotaur
 30067 | Spider:4 | XOM: divine lightning
 30068 | Spider:4 | HP: 45/205 [emperor scorpion (20)]
 30082 | Spider:4 | XOM: swap monsters
 30087 | Spider:4 | HP: 23/205 [emperor scorpion (27)]
 30177 | Spider:4 | XOM: noise
 30259 | Spider:4 | XOM: give mutations
 30259 | Spider:4 | Gained mutation: Your system is resistant to poisons.
                  | (rPois) [Xom's grace]
 30259 | Spider:4 | Lost mutation: You are somewhat resistant to both further
                  | mutation and mutation removal. [Xom's grace]
 30259 | Spider:4 | Lost mutation: You are somewhat resistant to further
                  | mutation. [Xom's grace]
 30259 | Spider:4 | Gained mutation: You have hidden genetic potential. [Xom's
                  | grace]
 30259 | Spider:4 | Lost mutation: You have sharp toenails. [Xom's grace]
 30259 | Spider:4 | Gained mutation: You have large cloven feet. [Xom's grace]
 30259 | Spider:4 | Gained mutation: You are mostly covered in iridescent
                  | scales. (AC +4) [Xom's grace]
 30416 | Spider:4 | Reached skill level 13 in Shields
 30416 | Spider:4 | XOM: scenery: create altars
 30419 | Spider:4 | XOM: summons friendly iron imp
 30420 | Spider:4 | XOM: potion effect (magic)
 30439 | Spider:4 | XOM: summons 5 friendly demons
 30546 | Spider:4 | XOM: give mutations
 30546 | Spider:4 | Gained mutation: Your skin changes colour to match your
                  | surroundings (Stealth+). [Xom's grace]
 30546 | Spider:4 | Gained mutation: You are strong-willed. (Will+) [Xom's
                  | grace]
 30546 | Spider:4 | Gained mutation: You are robust. (+10% HP) [Xom's grace]
 30546 | Spider:4 | Gained mutation: Your natural rate of healing is unusually
                  | fast. [Xom's grace]
 30624 | Spider:4 | XOM: 9-stop teleportation journey
 30756 | Spider:4 | XOM: summons friendly shadow imp
 30800 | Spider:4 | XOM: potion effect (attraction)
 30801 | Spider:4 | XOM: enchant monster (bad)
 30815 | Spider:4 | Reached skill level 3 in Translocations
 30832 | Spider:4 | XOM: summons 8 friendly demons
 30895 | Spider:4 | XOM: god gift: 32 gold pieces
 30988 | Spider:4 | XOM: 10-stop teleportation journey
 31043 | Spider:4 | XOM: scenery: create altars
 31066 | Spider:4 | XOM: divination: detect items
 31090 | Spider:4 | Got a gossamer rune of Zot
 31216 | Spider:3 | XOM: divination: detect creatures
 31222 | Spider:2 | XOM: silly message
 31318 | Shoals:1 | Entered Level 1 of the Shoals
 31330 | Shoals:1 | XOM: potion effect (haste)
 31342 | Shoals:1 | Reached skill level 8 in Evocations
 31377 | Shoals:1 | XOM: silly message
 31483 | Shoals:1 | XOM: 8-stop teleportation journey
 31655 | Shoals:1 | XOM: summons 3 hostile shadow creatures
 31738 | Shoals:1 | XOM: 2-stop teleportation journey
 31874 | Shoals:1 | XOM: polymorph merfolk -> fire dragon
 31886 | Shoals:1 | Reached XP level 19. HP: 126/235 MP: 15/29
 32020 | Shoals:1 | Identified the ring "Tukk" {*Slow rC+ rN+ rCorr Dex+6}
 32068 | Shoals:1 | Acquired 1082 gold pieces
 32156 | Shoals:1 | Reached skill level 10 in Dodging
 32257 | Shoals:2 | Noticed Ilsuiw
 32263 | Shoals:2 | XOM: enchant monster (bad)
 32283 | Shoals:2 | Noticed Ilsuiw
 32283 | Shoals:2 | XOM: polymorph something unseen -> Ilsuiw the alligator
                  | snapping turtle
 32293 | Shoals:2 | Killed Ilsuiw the alligator snapping turtle
 32371 | Shoals:2 | XOM: swap monsters
 32438 | Shoals:2 | Reached skill level 10 in Armour
 32488 | Shoals:2 | XOM: confusion
 32490 | Shoals:2 | XOM: confusion
 32606 | Shoals:2 | Reached skill level 4 in Translocations
 32749 | Shoals:2 | Reached skill level 19 in Fighting
 33054 | Shoals:3 | XOM: chaos upgrade
 33089 | Shoals:3 | XOM: silly message
 33369 | Shoals:3 | XOM: confuse monster(s)
 33554 | Shoals:3 | XOM: cloud trail
 33598 | Shoals:3 | XOM: give mutations
 33598 | Shoals:3 | Lost mutation: You expend magic power (3 MP) to strengthen
                  | your wands. [Xom's mischief]
 33598 | Shoals:3 | Lost mutation: Your skin changes colour to match your
                  | surroundings (Stealth+). [Xom's mischief]
 33598 | Shoals:3 | Gained mutation: Your body sometimes deteriorates upon
                  | taking damage. [Xom's mischief]
 33710 | Shoals:4 | Entered Level 4 of the Shoals
 33712 | Shoals:4 | XOM: blink monster(s)
 33717 | Shoals:4 | Reached skill level 9 in Evocations
 33719 | Shoals:4 | XOM: enchant monster (bad)
 33722 | Shoals:4 | Reached skill level 14 in Shields
 33805 | Shoals:4 | Found a glowing golden altar of the Shining One.
 33826 | Shoals:4 | XOM: fog
 33828 | Shoals:4 | XOM: 2-stop teleportation journey
 33859 | Shoals:4 | XOM: enchant monster (bad)
 33889 | Shoals:4 | Gained mutation: Your movements are slightly less
                  | encumbered by armour. (ER -2) [hidden potential]
 34030 | Shoals:4 | Found a glowing silver altar of Zin.
 34082 | Shoals:4 | XOM: 1-stop teleportation journey
 34141 | Shoals:4 | Got the Notes on Pneumatic Esoterica
 34150 | Shoals:4 | Found a white marble altar of Elyvilon.
 34165 | Shoals:4 | Reached skill level 5 in Translocations
 34165 | Shoals:4 | XOM: silly message
 34290 | Shoals:4 | XOM: repel stairs
 34358 | Shoals:4 | XOM: silly message
 34389 | Shoals:4 | HP: 59/238 [merfolk javelineer/silver javelin (3)]
 34525 | Shoals:4 | XOM: smoke on damage
 34695 | Shoals:4 | Got a barnacled rune of Zot
 34784 | Shoals:4 | XOM: 1-stop teleportation journey
 34786 | Shoals:4 | XOM: polymorph angel -> cherub
 34875 | Shoals:4 | XOM: give mutations
 34875 | Shoals:4 | Gained mutation: You expend magic power (3 MP) to
                  | strengthen your wands. [Xom's grace]
 34875 | Shoals:4 | Gained mutation: A frigid envelope surrounds you and
                  | freezes all who hurt you. [Xom's grace]
 34875 | Shoals:4 | Gained mutation: You are resistant to electric shocks.
                  | (rElec) [Xom's grace]
 34949 | Shoals:4 | Fell from the grace of Xom
 34949 | Shoals:4 | Became a worshipper of Zin the Law-Giver
 34949 | Shoals:4 | Reached * piety under Zin
 34949 | Shoals:4 | Reached ** piety under Zin
 34951 | Shoals:4 | Donated 1350 gold pieces to Zin
 34984 | Shoals:3 | Reached *** piety under Zin
 35136 | D:9      | Reached **** piety under Zin
 35227 | Orc:2    | Bought the +0 cloak of the Thief {Quiet Slay-3 SInv Stlth+}
                  | for 206 gold pieces
 35227 | Orc:2    | Found the +0 cloak of the Thief {Quiet Slay-3 SInv Stlth+}
 35238 | Orc:2    | Bought a potion of haste for 350 gold pieces
 35238 | Orc:2    | Bought a potion of heal wounds for 175 gold pieces
 35239 | Orc:2    | Bought a potion of haste for 350 gold pieces
 35239 | Orc:2    | Bought 2 potions of curing for 210 gold pieces
 35240 | Orc:2    | Bought a potion of curing for 36 gold pieces
 35348 | Vaults:1 | Entered Level 1 of the Vaults
 35381 | Vaults:1 | Donated 11 gold pieces to Zin
 35491 | Vaults:1 | Identified the +6 falchion "Ompiony" {vamp, rCorr Str+3}
 35651 | Vaults:1 | Reached ***** piety under Zin
 36034 | Vaults:1 | Reached XP level 20. HP: 249/249 MP: 30/30
 36161 | Vaults:1 | Reached skill level 1 in Invocations
 36205 | Vaults:1 | XOM: give mutation
 36471 | Vaults:1 | Reached skill level 10 in Evocations
 36474 | Vaults:1 | Reached skill level 1 in Stealth
 36801 | Vaults:2 | XOM: noise
 37000 | Vaults:2 | Reached skill level 2 in Invocations
 37377 | Vaults:2 | Reached skill level 11 in Dodging
 37769 | Vaults:2 | Reached skill level 2 in Stealth
 37835 | Vaults:2 | Reached skill level 11 in Armour
 37835 | Vaults:2 | Reached skill level 3 in Invocations
 37943 | Vaults:2 | Found a runed translucent door.
 37960 | Vaults:2 | Reached skill level 6 in Translocations
 38040 | Vaults:2 | Reached skill level 15 in Shields
 38041 | Vaults:2 | XOM: summons 5 hostile demons
 38147 | Vaults:2 | Found a staircase to the Crypt.
 38147 | Vaults:2 | Found a basalt altar of Yredelemnul.
 38148 | Vaults:2 | Found an ancient bone altar of Kikubaaqudgha.
 38206 | Vaults:2 | Identified the +0 broad axe of Kuifaehy {flame, rCorr Str-4
                  | Int+3 Dex+3}
 38371 | Vaults:2 | Reached ****** piety under Zin
 38747 | Vaults:2 | Noticed Griffin23's ghost (adept MiFi)
 38820 | Vaults:3 | Reached skill level 20 in Fighting
 39048 | Vaults:3 | XOM: 2-stop teleportation journey
 39248 | Vaults:3 | Reached skill level 4 in Invocations
 39468 | Vaults:3 | Reached skill level 3 in Stealth
 39478 | Vaults:3 | XOM: summons 1 hostile demon
 39650 | Vaults:3 | Reached XP level 21. HP: 228/260 MP: 27/32
 39724 | Vaults:3 | Reached skill level 11 in Evocations
 39767 | Vaults:3 | Reached skill level 11 in Spellcasting
 40070 | Vaults:3 | Reached skill level 5 in Invocations
 40281 | Vaults:4 | Got the Spellbook of Meteoric Geometry
 40303 | Vaults:4 | Paralysed by a formless jellyfish for 1 turns
 40383 | Vaults:4 | XOM: 1-stop teleportation journey
 40907 | Vaults:4 | Reached skill level 7 in Translocations
 41012 | Vaults:4 | XOM: give mutations
 41548 | D:14     | XOM: give mutations
 41616 | Depths:1 | Entered Level 1 of the Depths
 41698 | Depths:1 | Found a blossoming altar of Fedhas.
 41721 | Depths:1 | Reached skill level 4 in Stealth
 41974 | Depths:1 | XOM: polymorph sphinx -> radroach
 42132 | Depths:1 | Noticed a bone dragon
 42160 | Depths:1 | Killed a bone dragon
 42224 | Depths:1 | Reached skill level 6 in Invocations
 42287 | Depths:1 | Found a glowing silver altar of Zin.
 42336 | Depths:1 | Found a gateway to Hell.
 42539 | Depths:1 | Found Daddit's Book Shoppe.
 42539 | Depths:1 | Found Miclun's Jewellery Shop.
 42540 | Depths:1 | Found Zoxossuce's Book Shoppe.
 42873 | Depths:2 | Found a runed translucent gate.
 42874 | Depths:2 | Found a runed translucent gate.
 42874 | Depths:2 | Found a runed translucent gate.
 42874 | Depths:2 | Noticed Jigeme's ghost (veteran DEHs)
 42875 | Depths:2 | Found an ancient bone altar of Kikubaaqudgha.
 42875 | Depths:2 | Noticed Eluafa Diuxt's ghost (veteran TrGl)
 42876 | Depths:2 | Noticed a dread lich
 43008 | Depths:2 | Reached skill level 16 in Shields
 43126 | Depths:2 | Found a one-way gate leading to the halls of Pandemonium.
 43420 | Depths:2 | Acquired 1010 gold pieces
 43627 | D:14     | XOM: stat loss: -3 Str (21/24)
 43782 | D:8      | Bought a manual of Invocations for 960 gold pieces
 43821 | D:7      | XOM: summons 5 hostile demons
 43859 | D:6      | Bought a scroll of summoning for 266 gold pieces
 44042 | Orc:2    | Bought a scroll of summoning for 313 gold pieces
 44042 | Orc:2    | Bought a scroll of enchant weapon for 247 gold pieces
 44042 | Orc:2    | Bought a scroll of teleportation for 99 gold pieces
 44042 | Orc:2    | Bought a potion of curing for 99 gold pieces
 44087 | Elf:1    | Entered Level 1 of the Elven Halls
 44121 | Elf:1    | Found a radiant altar of Vehumet.
 44148 | Elf:1    | Reached XP level 22. HP: 273/273 MP: 34/34
 44276 | Elf:1    | Found Noxois's One-of-a-Kind Rings.
 44372 | Abyss:3  | Cast into level 3 of the Abyss (Xom)
 44526 | Abyss:3  | XOM: scenery: create altars
 44530 | Abyss:3  | Reached skill level 12 in Dodging
 44592 | Abyss:3  | Reached skill level 7 in Invocations
 44594 | Abyss:3  | HP: 65/273 [Executioner (6)]
 44598 | Abyss:3  | HP: 25/273 [large abomination (19)]
 44601 | Abyss:3  | Found a shimmering altar of Xom.
 44671 | Abyss:3  | HP: 42/273 [bone dragon (4)]
 44682 | Abyss:3  | HP: 58/273 [bone dragon (15)]
 44723 | Abyss:3  | HP: 68/273 [lightning spire/bolt of electricity (5)]
 44733 | Abyss:3  | Reached skill level 12 in Armour
 44758 | Elf:1    | Escaped the Abyss
 44976 | Elf:1    | XOM: give mutations
 45050 | Elf:1    | Paralysed by an air elemental for 1 turns
 45169 | Elf:1    | Reached skill level 12 in Spellcasting
 45531 | Elf:2    | Reached skill level 5 in Stealth
 45531 | Elf:2    | Found a glacial archway.
 45545 | Elf:2    | Paralysed by an air elemental for 1 turns
 45552 | Elf:2    | Paralysed by an air elemental for 1 turns
 45581 | IceCv    | Entered an ice cave
 45731 | IceCv    | Got the Compendium of the Blinking Anticline
 45934 | IceCv    | Reached skill level 8 in Translocations
 45934 | IceCv    | Reached skill level 8 in Invocations
 46023 | IceCv    | Reached skill level 21 in Fighting
 46190 | IceCv    | Got the Precepts of Lightning and Profane Mysteries
 46472 | Elf:2    | XOM: chaos upgrade
 46699 | Elf:2    | Identified the ring "Elyinn" {rPois Str+2 Int+6 SInv}
 46725 | Elf:2    | Found a runed translucent gate.
 46726 | Elf:2    | Found a runed translucent gate.
 46726 | Elf:2    | Found a runed translucent gate.
 47048 | Elf:2    | Reached skill level 9 in Invocations
 47617 | Elf:3    | Entered Level 3 of the Elven Halls
 47826 | Abyss:3  | Cast into level 3 of the Abyss (Xom)
 47857 | Abyss:3  | Found a corrupted altar of Lugonu.
 47974 | Abyss:3  | Reached skill level 17 in Shields
 48036 | Abyss:3  | Found a corrupted altar of Lugonu.
 48056 | Abyss:3  | Reached XP level 23. HP: 228/287 MP: 31/35
 48110 | Abyss:3  | Noticed an ancient lich
 48122 | Abyss:3  | Killed an ancient lich
 48123 | Abyss:3  | Reached skill level 6 in Stealth
 48123 | Abyss:3  | Reached skill level 10 in Invocations
 48174 | Elf:3    | Escaped the Abyss
 48231 | Elf:3    | XOM: summons 3 hostile demons
 48231 | Elf:3    | Was forgiven by Xom
 48461 | Elf:3    | Paralysed by an air elemental for 1 turns
 48711 | Elf:3    | Identified the +0 leather armour of Day {Regen+ Dex+5}
 48753 | Elf:3    | Reached skill level 13 in Spellcasting
 48760 | Elf:3    | Reached skill level 9 in Translocations
 48928 | Elf:3    | Identified the ring "Gounn" {rPois rC+ Slay+4 Stlth+}
 48996 | Elf:3    | Reached skill level 11 in Invocations
 49077 | Elf:3    | Identified the +5 short sword of Qazlal {venom, rC+ Int-2
                  | Dex+4}
 49085 | Elf:3    | Identified the +7 dagger of the Gazing Gods {flame, rElec
                  | Will+ Int+2}
 49092 | Elf:3    | Got the Spellbook of the Radiant Mantle
 49107 | Elf:3    | Identified the +6 triple sword of the Sun {protect, rElec
                  | rC+ Will++}
 49170 | Elf:3    | Identified the +5 chain mail of Lozyru {Str+4}
 49384 | Elf:1    | Bought the ring "Idipomew" {rPois rCorr Clar} for 745 gold
                  | pieces
 49638 | Depths:2 | You fall into a shaft and drop 1 floor!
 50254 | Depths:2 | HP: 43/240 [???[a dread lich] (41)]
 50257 | Depths:2 | Killed a dread lich
 50260 | Depths:2 | Killed Eluafa Diuxt's ghost
 50471 | Depths:2 | Identified the amulet of the Suburbs {Reflect Rampage Fly
                  | rC+ SH+5}
 50476 | Depths:2 | Identified the +2 pair of gloves of Kaim {Int+2 Dex+3}
 50485 | Depths:2 | Identified the +2 ring mail of the Heavens {Dex+4}
 50530 | Depths:3 | Found a one-way gateway to a ziggurat.
 50560 | Depths:3 | Reached skill level 13 in Dodging
 50582 | Depths:3 | Reached skill level 13 in Armour
 50721 | Depths:3 | Found a corrupted altar of Lugonu.
 51092 | Depths:3 | Reached skill level 22 in Fighting
 51092 | Depths:3 | Reached skill level 12 in Invocations
 51238 | Depths:4 | Entered Level 4 of the Depths
 51255 | Depths:4 | Reached skill level 7 in Stealth
 51384 | Depths:4 | Reached XP level 24. HP: 250/276 MP: 36/36
 51496 | Depths:4 | Found a gate to the Realm of Zot.
 51646 | Depths:4 | Noticed Sojobo
 51656 | Depths:4 | Noticed a caustic shrike
 51664 | Depths:4 | Noticed a caustic shrike
 51664 | Depths:4 | Noticed a caustic shrike
 51673 | Depths:4 | Noticed a caustic shrike
 51675 | Depths:4 | Noticed a caustic shrike
 51678 | Depths:4 | Killed a caustic shrike
 51680 | Depths:4 | Killed Sojobo
 51685 | Depths:4 | Killed a caustic shrike
 51691 | Depths:4 | HP: 70/283 [acid (4)]
 51694 | Depths:4 | HP: 34/283 [caustic shrike (13)]
 51694 | Depths:4 | HP: 10/283 [caustic shrike (21)]
 51696 | Depths:4 | Killed a caustic shrike
 51697 | Depths:4 | Killed a caustic shrike
 51857 | Depths:4 | Killed a caustic shrike
 51966 | Depths:4 | Found a hide-covered altar of Uskayaw.
 52036 | Hell     | Entered the Vestibule of Hell
 52036 | Hell     | Noticed Geryon
 52048 | Hell     | Reached skill level 18 in Shields
 52064 | Hell     | Killed Geryon
 52356 | D:13     | You paid a toll of the horn of Geryon to enter a treasure
                  | trove
 52357 | Trove    | Entered a treasure trove
 52405 | Trove    | Found the brooch of Shielding {Spirit SH+8}
 52407 | Trove    | Identified the amulet "Ajam" {Faith Int+4}
 52413 | Trove    | Identified the ring of Raulaxu {Fire rPois Int+6 Stlth-}
 52481 | D:13     | Reached skill level 15 in Invocations
 52481 | D:13     | Reached XP level 25. HP: 302/302 MP: 36/36
 52666 | Slime:1  | Entered Level 1 of the Pits of Slime
 52830 | Slime:5  | Entered Level 5 of the Pits of Slime
 53065 | Slime:5  | Found the +8 pair of quick blades "Gyre" and "Gimble"
                  | {protect}
 53267 | Slime:5  | Found a viscous altar of Jiyva.
 53268 | Slime:5  | Noticed the Royal Jelly
 53295 | Slime:5  | Reached skill level 10 in Translocations
 53576 | Slime:5  | Killed the Royal Jelly
 53591 | Slime:5  | HP: 73/312 [rockslime[the Royal Jelly] (21)]
 53867 | Slime:5  | Got Hubumo's Compendium of Sepulchral Combat Magic
 53962 | Slime:5  | Found the +7 mace of Variability {chaos, chaos arc}
 53974 | Slime:5  | Identified the +6 spear of Agony {heavy, rC+ MP+9}
 53976 | Slime:5  | Identified the +1 longbow of Success {antimagic, Str+5
                  | Dex-3}
 53984 | Slime:5  | Identified the +3 leather armour "Fiptoas" {rC- rN+ Will+
                  | Str+4}
 54043 | Slime:5  | Identified the +11 mace of Dismay {freeze, Int+4}
 54050 | Slime:5  | Got the Opusculum on the Catalyst
 54053 | Slime:5  | Got a slimy rune of Zot
 54055 | Slime:5  | Identified the +3 spear "Kudetwiq" {heavy, *Rage rElec
                  | Will+++ Int+3}
 54107 | Slime:5  | Identified the +1 leather armour "Qyokosi" {Rampage ^Drain
                  | rElec Str+3}
 54108 | Slime:5  | Identified the +8 broad axe "Icuph" {flame, Dex+4}
 54109 | Slime:5  | Identified the amulet of Makhleb's Castigation {Acrobat
                  | Dex+6}
 54115 | Slime:5  | Identified the amulet "Xales" {Reflect rF+ SH+5}
 54127 | Slime:5  | Identified the +1 sling "Isocar" {speed, rPois rC- Int+2
                  | Dex+4}
 54165 | Slime:3  | Reached skill level 14 in Spellcasting
 54416 | Orc:2    | Bought 2 potions of cancellation for 192 gold pieces
 54416 | Orc:2    | Bought a potion of magic for 96 gold pieces
 54416 | Orc:2    | Bought a potion of invisibility for 96 gold pieces
 54417 | Orc:2    | Bought a scroll of revelation for 262 gold pieces
 54418 | Orc:2    | Bought a potion of enlightenment for 60 gold pieces
 54418 | Orc:2    | Bought a potion of brilliance for 48 gold pieces
 54420 | Orc:2    | Bought a scroll of revelation for 262 gold pieces
 54690 | Vaults:4 | Learned a level 6 spell: Gell's Gavotte
 54691 | Vaults:5 | Entered Level 5 of the Vaults
 54736 | Vaults:5 | Reached skill level 16 in Invocations
 54945 | Vaults:5 | Reached skill level 8 in Stealth
 54978 | Vaults:5 | Noticed a dread lich
 54986 | Vaults:5 | Reached XP level 26. HP: 299/322 MP: 37/37
 54997 | Vaults:5 | Killed a dread lich
 55079 | Vaults:5 | Got a silver rune of Zot
 55256 | Vaults:5 | Learned a level 7 spell: Manifold Assault
 55386 | Vaults:5 | Noticed a dread lich
 55413 | Vaults:5 | Killed a dread lich
 55625 | Vaults:5 | Reached skill level 14 in Dodging
 55687 | Vaults:5 | Reached skill level 14 in Armour
 55783 | Vaults:5 | Reached skill level 19 in Shields
 55784 | Vaults:5 | Reached skill level 17 in Invocations
 55793 | Vaults:5 | Reached skill level 23 in Fighting
 55996 | Vaults:5 | Identified the +4 short sword of the Thirteen Invaders
                  | {drain, rN+ Str+4 Dex+3}
 56004 | Vaults:5 | Got the Parchment of Astrapomancy
 56067 | Vaults:5 | Noticed a dread lich
 56080 | Vaults:5 | Killed a dread lich
 56205 | Vaults:5 | Got Vehumet's Anthology of Force
 56212 | Vaults:5 | Got the Tome of Collected Thunder
 56710 | D:15     | Killed Jigeme's ghost
 56829 | Zot:1    | Entered Level 1 of the Realm of Zot
 57094 | Zot:1    | Reached skill level 11 in Translocations
 57779 | Zot:1    | Reached skill level 15 in Spellcasting
 57807 | Zot:1    | Reached skill level 9 in Stealth
 57965 | Zot:1    | Reached XP level 27. HP: 286/304 MP: 34/37
 58550 | Zot:2    | Reached skill level 7 in Polearms
 59612 | Zot:3    | Reached skill level 18 in Invocations
 60465 | Zot:4    | Reached skill level 20 in Shields
 61077 | Zot:4    | Reached skill level 8 in Polearms
 61105 | Zot:4    | Identified the +0 plate armour of Twilight {*Corrode Int+6}
 61385 | Zot:4    | Noticed an orb of fire
 61831 | Zot:5    | Entered Level 5 of the Realm of Zot
 61935 | Zot:5    | Acquired the +1 hat "Danoruw" {Str+5}
 62265 | Zot:5    | Reached skill level 12 in Translocations
 62884 | Hell     | Reached skill level 24 in Fighting
 62884 | Hell     | Reached skill level 15 in Dodging
 62994 | Hell     | Reached skill level 15 in Armour
 63244 | Hell     | Found a gateway to the ashen valley of Gehenna.
 63330 | Hell     | Found a gateway to the decaying netherworld of Tartarus.
 63417 | Hell     | Paralysed by a wendigo for 1 turns
 63464 | Hell     | Found a gateway to the freezing wastes of Cocytus.
 63476 | Hell     | Reached skill level 10 in Stealth
 63564 | Hell     | Found a gateway to the Iron City of Dis.
 63574 | Hell     | Reached skill level 16 in Spellcasting
 63898 | Pan      | Entered Pandemonium
 64076 | Pan      | Noticed Maegunla the pandemonium lord
 64341 | Pan      | Identified the +2 robe of Temperance {rN+ Regen+ Dex-4}
 64718 | Pan      | Killed Maegunla the pandemonium lord
 64915 | Pan      | HP: 78/323 [??? (33)]
 65427 | Pan      | HP: 78/330 [??? (34)]
 66061 | Pan      | Got a demonic rune of Zot
 66955 | Pan      | Noticed Geexumen the pandemonium lord
 66976 | Pan      | Killed Geexumen the pandemonium lord
 67522 | Pan      | Found a transporter.
 67709 | Pan      | Identified the +8 quarterstaff of Defiance {vamp, rElec
                  | rPois rF+ Dex-4}
 67722 | Pan      | Found a transporter.
 67722 | Pan      | Found a transporter.
 67740 | Pan      | Found a transporter.
 67744 | Pan      | Identified the ring "Seesofij" {Fly rElec rN+ Dex-3}
 67751 | Pan      | Reached skill level 19 in Invocations
 67752 | Pan      | HP: 85/343 [poisoned by a demonspawn warmonger]
 67755 | Pan      | HP: 28/343 [reaper/+1 scythe of protection (17)]
 67760 | Pan      | HP: 60/343 [poisoned by a demonspawn warmonger]
 68206 | Pan      | Found a transporter.
 68352 | Pan      | HP: 77/343 [Hell Sentinel/iron shot (31)]
 68362 | Pan      | HP: 69/343 [red devil/+0 demon trident (3)]
 68368 | Pan      | HP: 71/343 [Executioner (1)]
 68369 | Pan      | Reached skill level 21 in Shields
 68388 | Pan      | HP: 53/343 [Hell Sentinel/damnation (30)]
 68604 | Pan      | Identified the +0 hat "Toys" {rPois rN+}
 68740 | Pan      | Noticed Zoegough the pandemonium lord
 68742 | Pan      | HP: 82/343 [soul eater (6)]
 68747 | Pan      | HP: 53/343 [poisoned by an orange demon]
 68752 | Pan      | HP: 52/343 [poisoned by an orange demon]
 68775 | Pan      | HP: 73/343 [Executioner (12)]
 69027 | Pan      | Found an exit through the horrors of the Abyss.
 69210 | Pan      | Reached skill level 13 in Translocations
 69277 | Pan      | Reached skill level 17 in Spellcasting
 69381 | Pan      | Killed Zoegough the pandemonium lord
 70061 | Depths:2 | Escaped Pandemonium
 70067 | Pan      | Entered Pandemonium
 70505 | Pan      | Got the Guidebook on the Elliptic Sixfirhy
 70551 | Pan      | Reached skill level 11 in Stealth
 70763 | Pan      | Noticed Bamm the pandemonium lord
 70779 | Pan      | Killed Bamm the pandemonium lord
 70780 | Pan      | Reached skill level 25 in Fighting
 71357 | Pan      | Acquired 943 gold pieces
 71614 | Pan      | Found a corrupted altar of Lugonu.
 71678 | Pan      | Found an exit through the horrors of the Abyss.
 72007 | Pan      | Found a huge runed translucent gate.
 72008 | Pan      | Found a huge runed translucent gate.
 72009 | Pan      | Found a huge runed translucent gate.
 72011 | Pan      | Found a huge runed translucent gate.
 72326 | Pan      | Found a huge runed translucent gate.
 72326 | Pan      | Found a huge runed translucent gate.
 72326 | Pan      | Found a huge runed translucent gate.
 72329 | Pan      | Noticed Anieqebb the pandemonium lord
 72348 | Pan      | HP: 51/345 [Anieqebb the pandemonium lord/great blast of
                  | fire (42)]
 72459 | Pan      | Reached skill level 16 in Dodging
 72586 | Pan      | Noticed a pearl dragon
 72595 | Pan      | Killed a pearl dragon
 72596 | Pan      | Reached skill level 14 in Translocations
 72648 | Pan      | Reached skill level 16 in Armour
 72650 | Pan      | Reached skill level 18 in Spellcasting
 72670 | Pan      | Found a white marble altar of Elyvilon.
 72982 | Pan      | Noticed a pearl dragon
 72988 | Pan      | Killed a pearl dragon
 73171 | Pan      | Identified the +3 buckler "Gamiarru" {Will+ Int-4 Stlth+}
 73662 | Pan      | Noticed a seraph
 73676 | Pan      | Killed a seraph
 73701 | Pan      | Found a glowing golden altar of the Shining One.
 73756 | Pan      | Got Wucul Wyer's Omnibus of Maleficia
 73766 | Pan      | Identified the +7 short sword of the Radish {speed, rElec
                  | rN+ Int+3}
 74000 | Pan      | HP: 83/345 [angel/stone (14)]
 74001 | Pan      | Reached skill level 20 in Invocations
 74006 | Pan      | HP: 72/345 [daeva/divine providence (8)]
 74011 | Pan      | HP: 48/345 [daeva/+5 long sword of holy wrath (21)]
 74213 | Pan      | HP: 83/345 [daeva/divine providence (10)]
 74223 | Pan      | HP: 79/345 [daeva/divine providence (13)]
 74232 | Pan      | Found a glowing silver altar of Zin.
 74242 | Pan      | HP: 83/345 [daeva/divine providence (12)]
 74508 | Pan      | Identified the +4 buckler of Zim Niu {rElec rN+ Int+5}
 74588 | Pan      | Reached skill level 22 in Shields
 74780 | Pan      | HP: 86/345 [angel/+3 whip of holy wrath (10)]
 75218 | Pan      | Found a transporter.
 75441 | Pan      | Found a transporter.
 75609 | Pan      | Reached skill level 19 in Spellcasting
 75697 | Pan      | Reached skill level 15 in Translocations
 75973 | Pan      | HP: 84/348 [Brimstone Fiend/damnation (46)]
 75979 | Pan      | HP: 57/348 [deep elf high priest/+0 scimitar[a demonspawn
                  | corrupter] (10)]
 76295 | Pan      | Identified the +0 robe of the Growing Gods {Str+6}
 76301 | Pan      | Identified the ring "Qaulab" {Wiz rC+ Str+3 Stlth+}
 76306 | Pan      | Identified the ring "Weofrigh" {Fly rF+}
 76322 | Pan      | Identified the staff "Pyegh" {rF+ Int+4 SInv Hexes Fire}
 77071 | Pan      | Reached skill level 12 in Stealth
 78914 | Pan      | Reached skill level 26 in Fighting
 82094 | Pan      | Reached skill level 20 in Spellcasting
 82141 | Pan      | Reached skill level 21 in Invocations
 82640 | Pan      | Reached skill level 16 in Translocations
 83603 | Pan      | Noticed Futym the pandemonium lord
 83612 | Pan      | Killed Futym the pandemonium lord
 84607 | Pan      | Reached skill level 23 in Shields
 85219 | Pan      | Noticed Toraj the pandemonium lord
 85232 | Pan      | Killed Toraj the pandemonium lord
 85417 | Pan      | Entered the realm of Gloorx Vloq.
 86035 | Pan      | Reached skill level 12 in Evocations
 86295 | Pan      | Noticed Gloorx Vloq
 86314 | Pan      | HP: 86/349 [??? (36)]
 86316 | Pan      | HP: 41/349 [??? (17)]
 86993 | Pan      | Reached skill level 22 in Invocations
 87178 | Pan      | Reached skill level 21 in Spellcasting
 87450 | Pan      | Reached skill level 17 in Translocations
 88304 | Pan      | Identified the +8 falchion "Luohaot" {vamp, rPois Will+
                  | SInv}
 90264 | Pan      | Killed Gloorx Vloq
 90285 | Pan      | Got a dark rune of Zot
 90864 | Pan      | Reached skill level 23 in Invocations
 91420 | Pan      | Found an exit through the horrors of the Abyss.
 92522 | Pan      | Noticed Liakear the pandemonium lord
 92539 | Pan      | Killed Liakear the pandemonium lord
 92553 | Pan      | Reached skill level 24 in Shields
 93229 | Pan      | Reached skill level 22 in Spellcasting
 94115 | Pan      | Reached skill level 18 in Translocations
 94712 | Pan      | Entered the realm of Cerebov.
 94953 | Pan      | Reached skill level 13 in Evocations
 97826 | Pan      | Identified the ring of Kymug {rF+ rN+ Will+ rCorr Str+3}
 98165 | Pan      | Identified the +8 flail "Mepraor" {protect, rF+}
 98724 | Pan      | Reached skill level 17 in Armour
 98837 | Pan      | Reached skill level 24 in Invocations
 99423 | Pan      | Reached skill level 17 in Dodging
100102 | Pan      | Identified the +5 fire dragon scales of the Tormentor {rF++
                  | rC- rN+ Str+2}
101205 | Pan      | Reached skill level 23 in Spellcasting
101420 | Pan      | Identified the staff of Rubbish {rElec rF- Dex+3 Stlth+
                  | Earth}
101503 | Pan      | Identified the staff of Bankruptcy {^Contam rElec rF+ Str+3
                  | Fire Ice}
101519 | Pan      | Identified the ring "Kyl Uruo" {*Slow Will+ rCorr Int+5}
101533 | Pan      | Identified the ring "Iczetone" {rC+ Int+3 Dex+5}
101643 | Pan      | Found the +6 sword of Cerebov {flame}
101643 | Pan      | Noticed Cerebov
101697 | Pan      | Killed Cerebov
101724 | Pan      | Reached skill level 19 in Translocations
101866 | Pan      | Identified the staff of Piopp {rElec rF+ rCorr Dex-5 Conj
                  | Fire}
101877 | Pan      | Got a fiery rune of Zot
102948 | Pan      | Identified the +3 leather armour "Oweratz" {Dex+2}
102953 | Pan      | Reached skill level 1 in Necromancy
103389 | Pan      | Noticed Raf Joi the pandemonium lord
103906 | Pan      | Reached skill level 2 in Necromancy
104224 | Pan      | Found an exit through the horrors of the Abyss.
104637 | Pan      | Killed Raf Joi the pandemonium lord
105241 | Pan      | Reached skill level 3 in Necromancy
105980 | Pan      | Reached skill level 25 in Shields
106360 | Pan      | HP: 76/329 [??? (34)]
106628 | Pan      | Reached skill level 18 in Armour
106856 | Pan      | Reached skill level 25 in Invocations
107018 | Pan      | Reached skill level 4 in Necromancy
107179 | Pan      | Noticed Biosenid the pandemonium lord
107194 | Pan      | Killed Biosenid the pandemonium lord
108658 | Pan      | Reached skill level 14 in Evocations
108908 | Pan      | HP: 82/349 [balrug/+1 demon whip of venom (20)]
108913 | Pan      | HP: 58/349 [??? (27)]
109571 | Pan      | Upgraded the game from 0.32-a0-900-g30fb1b0edc to
                  | 0.32-a0-913-g739538afd8
109576 | Pan      | Learned a level 4 spell: Iskenderun's Mystic Blast
109598 | Pan      | Learned a level 8 spell: Disjunction
110233 | Pan      | Reached skill level 1 in Ice Magic
111697 | Pan      | Noticed Gyunaosit the pandemonium lord
111704 | Pan      | Killed Gyunaosit the pandemonium lord
111705 | Pan      | Reached skill level 2 in Ice Magic
112700 | Pan      | Reached skill level 24 in Spellcasting
113882 | Pan      | Reached skill level 3 in Ice Magic
114456 | Pan      | Noticed Utar the pandemonium lord
114481 | Pan      | Killed Utar the pandemonium lord
114719 | Pan      | Reached skill level 20 in Translocations
115108 | Pan      | Reached skill level 4 in Ice Magic
115135 | Pan      | Paralysed by accursed screaming for 1 turns
115480 | Pan      | Identified the ring of Odav Ibe {Fire rN+}
116120 | Pan      | Noticed Moakk the pandemonium lord
116146 | Pan      | Killed Moakk the pandemonium lord
116424 | Pan      | Found an exit through the horrors of the Abyss.
116833 | Pan      | Reached skill level 5 in Ice Magic
117449 | Pan      | Noticed Goshriro the pandemonium lord
117478 | Pan      | Killed Goshriro the pandemonium lord
117479 | Pan      | Reached skill level 19 in Armour
117659 | Pan      | Reached skill level 26 in Invocations
118056 | Pan      | Found an exit through the horrors of the Abyss.
118265 | Pan      | Noticed Qepipoim the pandemonium lord
118509 | Pan      | Reached skill level 18 in Dodging
118697 | Pan      | Reached skill level 6 in Ice Magic
119230 | Pan      | Found a runed translucent door.
119270 | Pan      | Killed Qepipoim the pandemonium lord
119716 | Pan      | Identified the +1 pair of gloves of Generosity {Fly rF+}
120309 | Pan      | Reached skill level 26 in Shields
120326 | Pan      | Found an exit through the horrors of the Abyss.
120358 | Pan      | Reached skill level 25 in Spellcasting
120965 | Pan      | Noticed Mennas
120985 | Pan      | Killed Mennas
120986 | Pan      | Reached skill level 7 in Ice Magic
121033 | Pan      | Noticed Junwe the pandemonium lord
121063 | Pan      | Killed Junwe the pandemonium lord
121120 | Pan      | Identified the +3 ring mail "Footh" {rC+ Int+3}
121416 | Pan      | Found an exit through the horrors of the Abyss.
121685 | Pan      | Noticed Minwirhi the pandemonium lord
121744 | Pan      | Killed Minwirhi the pandemonium lord
122097 | Pan      | Reached skill level 21 in Translocations
122753 | Pan      | Noticed Cosk the pandemonium lord
122796 | Pan      | Killed Cosk the pandemonium lord
122811 | Pan      | Reached skill level 8 in Ice Magic
123090 | Pan      | Found an exit through the horrors of the Abyss.
123876 | Pan      | Found an exit through the horrors of the Abyss.
124194 | Pan      | Noticed Rodava the pandemonium lord
124237 | Pan      | Killed Rodava the pandemonium lord
124238 | Pan      | Reached skill level 20 in Armour
124530 | Pan      | Reached skill level 27 in Invocations
124594 | Pan      | Identified the orb of Qeshremp {*Rage, Stlth+}
124754 | Pan      | Took an exit into the Abyss.
124754 | Abyss:3  | Escaped into the Abyss
125011 | Abyss:3  | Reached skill level 15 in Evocations
125125 | Abyss:3  | Got an abyssal rune of Zot
125240 | Depths:2 | Escaped the Abyss
125259 | Pan      | Entered the realm of Mnoleg.
125259 | Pan      | Entered Pandemonium
125259 | Pan      | Noticed Mnoleg
125265 | Pan      | Got a glowing rune of Zot
125344 | Pan      | Reached skill level 9 in Ice Magic
125529 | Pan      | Noticed Rofeikol the pandemonium lord
125541 | Pan      | Killed Rofeikol the pandemonium lord
125644 | Pan      | Identified the +2 scimitar of Slime {spect, *Noise Fly
                  | Dex+3 SInv}
126458 | Pan      | Entered the realm of Lom Lobon.
126459 | Pan      | Noticed Lom Lobon
126483 | Pan      | Got a magical rune of Zot
126485 | Pan      | HP: 85/349 [wind drake/the air (11)]
126497 | Pan      | HP: 70/349 [wind drake (illusionary)/the air (21)]
126507 | Pan      | HP: 66/349 [spriggan air mage/bolt of lightning (7)]
126538 | Pan      | HP: 72/349 [wind drake/the air (21)]
126552 | Pan      | HP: 81/349 [demonspawn blood saint/fireball (9)]
126554 | Pan      | HP: 35/349 [demonspawn blood saint/iceblast (17)]
126557 | Pan      | HP: 12/349 [demonspawn blood saint/iceblast (28)]
126609 | Pan      | HP: 87/349 [poisoned by a fenstrider witch (toxic sludge)]
126612 | Pan      | HP: 43/349 [poisoned by a fenstrider witch (toxic sludge)]
126617 | Pan      | HP: 45/349 [poisoned by a fenstrider witch (toxic sludge)]
126622 | Pan      | HP: 29/349 [poisoned by a fenstrider witch (toxic sludge)]
126635 | Pan      | HP: 35/349 [blizzard demon/bolt of lightning (12)]
126640 | Pan      | HP: 35/349 [blizzard demon/freezing blast (4)]
126645 | Pan      | HP: 67/349 [something (2)]
127112 | Pan      | Reached skill level 26 in Spellcasting
127391 | Pan      | Found an exit through the horrors of the Abyss.
127474 | Pan      | Reached skill level 10 in Ice Magic
127563 | Pan      | Noticed Mnoleg
127613 | Pan      | HP: 85/349 [constriction[Mnoleg] (12)]
127634 | Pan      | HP: 86/349 [balrug/divine providence (21)]
127640 | Pan      | HP: 53/349 [shot self (14)]
127645 | Pan      | HP: 87/349 [hell beast (6)]
127651 | Pan      | HP: 63/349 [large abomination[Mnoleg] (29)]
127652 | Pan      | Killed Mnoleg
128057 | Depths:2 | Escaped Pandemonium
128161 | Geh:1    | Entered Level 1 of Gehenna
128167 | Geh:1    | Found a burning altar of Makhleb.
128511 | Geh:2    | Reached skill level 22 in Translocations
129086 | Geh:5    | Reached skill level 11 in Ice Magic
129093 | Geh:5    | Reached skill level 27 in Shields
129380 | Geh:5    | Reached skill level 19 in Dodging
129392 | Geh:6    | HP: 65/349 [??? (44)]
129406 | Hell     | Reached skill level 21 in Armour
130990 | Geh:7    | Entered Level 7 of Gehenna
131731 | Geh:7    | Reached skill level 12 in Ice Magic
131973 | Geh:7    | Identified the +5 ring mail "Rubbohed" {Will+ Str+3 Dex+3}
132227 | Geh:7    | Found the +13 sceptre of Asmodeus
132227 | Geh:7    | Noticed Asmodeus
132257 | Geh:7    | Killed Asmodeus
132258 | Geh:7    | Reached skill level 27 in Spellcasting
132433 | Geh:7    | Identified the ring "Dumurrer" {rF- MP+9 Str+4 Dex+3}
132436 | Geh:7    | Identified the ring "Sudoraky" {Will+ Str+6}
132439 | Geh:7    | Got an obsidian rune of Zot
132779 | Dis:1    | Entered Level 1 of the Iron City of Dis
132779 | Dis:1    | Noticed an ancient lich
132786 | Dis:1    | Killed an ancient lich
132994 | Dis:1    | Reached skill level 16 in Evocations
133413 | Dis:2    | Reached skill level 13 in Ice Magic
133437 | Dis:2    | Reached skill level 23 in Translocations
133467 | Dis:2    | HP: 74/349 [??? (51)]
133477 | Dis:2    | HP: 73/349 [iron golem[an iron giant] (6)]
133875 | Dis:4    | HP: 74/349 [??? (54)]
133875 | Dis:4    | HP: 36/349 [Hell Sentinel/iron shot (38)]
133878 | Hell     | HP: 14/349 [Hell Sentinel/damnation (32)]
134195 | Dis:4    | HP: 75/345 [??? (55)]
134203 | Dis:4    | Reached skill level 22 in Armour
134254 | Dis:4    | HP: 73/347 [Hell Sentinel/damnation (25)]
134316 | Dis:4    | HP: 66/347 [Brimstone Fiend/damnation (36)]
134328 | Dis:4    | HP: 35/348 [Hell Sentinel/damnation (28)]
135111 | Dis:5    | Noticed a dread lich
135118 | Dis:5    | Noticed an ancient lich
135120 | Dis:5    | Killed a dread lich
135124 | Dis:5    | Killed an ancient lich
135126 | Dis:5    | Noticed a dread lich
135126 | Dis:5    | Noticed a dread lich
135126 | Dis:5    | Noticed an ancient lich
135141 | Dis:5    | Killed a dread lich
135150 | Dis:5    | Killed an ancient lich
135169 | Dis:5    | Killed a dread lich
135212 | Dis:5    | Noticed a dread lich
135219 | Dis:5    | Killed a dread lich
135414 | Dis:6    | Reached skill level 20 in Dodging
135800 | Dis:7    | Entered Level 7 of the Iron City of Dis
135805 | Dis:7    | Found a huge runed translucent gate.
135805 | Dis:7    | Found a huge runed translucent gate.
135805 | Dis:7    | Found a huge runed translucent gate.
135805 | Dis:7    | Found a huge runed translucent gate.
135805 | Dis:7    | Found a huge runed translucent gate.
135805 | Dis:7    | Found a huge runed translucent gate.
135805 | Dis:7    | Found a huge runed translucent gate.
135805 | Dis:7    | Found a huge runed translucent gate.
135805 | Dis:7    | Found a huge runed translucent gate.
135805 | Dis:7    | Found a huge runed translucent gate.
135805 | Dis:7    | Found a huge runed translucent gate.
135805 | Dis:7    | Found a huge runed translucent gate.
135805 | Dis:7    | Found a huge runed translucent gate.
135805 | Dis:7    | Found a huge runed translucent gate.
135805 | Dis:7    | Found a huge runed translucent gate.
135805 | Dis:7    | Found a huge runed translucent gate.
135805 | Dis:7    | Found a huge runed translucent gate.
135805 | Dis:7    | Found a huge runed translucent gate.
135805 | Dis:7    | Found a huge runed translucent gate.
135805 | Dis:7    | Found a huge runed translucent gate.
135805 | Dis:7    | Found a huge runed translucent gate.
135805 | Dis:7    | Found a huge runed translucent gate.
135805 | Dis:7    | Found a huge runed translucent gate.
135805 | Dis:7    | Found a huge runed translucent gate.
135805 | Dis:7    | Found a huge runed translucent gate.
135805 | Dis:7    | Found a huge runed translucent gate.
135805 | Dis:7    | Found a huge runed translucent gate.
135805 | Dis:7    | Found a huge runed translucent gate.
135805 | Dis:7    | Found a huge runed translucent gate.
135805 | Dis:7    | Found a huge runed translucent gate.
135805 | Dis:7    | Found a huge runed translucent gate.
135805 | Dis:7    | Found a huge runed translucent gate.
135805 | Dis:7    | Found a huge runed translucent gate.
135805 | Dis:7    | Found a huge runed translucent gate.
135805 | Dis:7    | Found a huge runed translucent gate.
135805 | Dis:7    | Found a huge runed translucent gate.
136552 | Dis:7    | Reached skill level 23 in Armour
136610 | Dis:7    | Reached skill level 27 in Fighting
137271 | Dis:7    | Reached skill level 17 in Evocations
137497 | Dis:7    | Identified the +5 war axe "Moschoka" {flame, rPois rN+
                  | Str+4 Dex-4}
137792 | Dis:7    | Noticed Dispater
137816 | Dis:7    | Identified the +4 scale mail of Junail {-Tele rN+ Dex+6}
137818 | Dis:7    | Got an iron rune of Zot
138007 | Coc:1    | Entered Level 1 of Cocytus
138744 | Coc:3    | Paralysed by a wendigo for 1 turns
138753 | Coc:3    | HP: 60/316 [??? (45)]
139079 | Coc:3    | Paralysed by a wendigo for 1 turns
139530 | Coc:4    | Reached skill level 24 in Translocations
139720 | Coc:5    | Reached skill level 24 in Armour
140349 | Coc:6    | HP: 65/317 [??? (46)]
140378 | Coc:6    | HP: 32/320 [elemental wellspring/torrent of water (41)]
140594 | Coc:2    | Gained mutation: Your magical capacity is very low. (-20%
                  | MP) [mutagenic glow]
140611 | Coc:2    | Gained mutation: You are clumsy. (Dex -2) [mutagenic glow]
140844 | Coc:6    | Reached skill level 21 in Dodging
141287 | Coc:7    | Entered Level 7 of Cocytus
142026 | Coc:7    | Paralysed by a wendigo for 1 turns
143260 | Coc:7    | Reached skill level 18 in Evocations
143702 | Coc:7    | Paralysed by a wendigo for 1 turns
143993 | Coc:7    | Reached skill level 25 in Armour
144232 | Coc:7    | HP: 75/355 [elemental wellspring/torrent of water (23)]
144245 | Coc:7    | HP: 74/355 [frost giant/bolt of cold (14)]
144252 | Coc:7    | HP: 69/355 [titan/bolt of lightning (11)]
144254 | Coc:7    | HP: 30/355 [titan/the air (27)]
144600 | Coc:7    | Paralysed by a wendigo for 1 turns
145694 | Coc:7    | HP: 71/355 [??? (49)]
145699 | Coc:7    | HP: 59/355 [Ice Fiend/bolt of cold (9)]
145702 | Coc:7    | HP: 29/355 [??? (20)]
146282 | Coc:7    | Found the +8 mithril axe "Arga" {speed, Will+}
146309 | Coc:7    | Got the Book of Topomancy and Desecration
146462 | Coc:7    | Noticed Antaeus
146481 | Coc:7    | Killed Antaeus
146526 | Coc:7    | Identified the staff "Plog" {rF+ rN+ rCorr Stlth+ Necro}
146528 | Coc:7    | Acquired the +0 hat of Gozag's Envy {rPois Regen+ rCorr}
146544 | Coc:7    | Got an icy rune of Zot
146878 | Tar:1    | Entered Level 1 of Tartarus
147417 | Tar:2    | HP: 79/354 [???[a doom hound] (55)]
147422 | Tar:2    | HP: 82/355 [poisoned by a reaper]
147428 | Tar:2    | HP: 86/355 [poisoned by a reaper]
148898 | Tar:5    | Reached skill level 22 in Dodging
148898 | Tar:5    | Reached skill level 25 in Translocations
149232 | Tar:6    | Reached skill level 26 in Armour
149564 | Tar:7    | Entered Level 7 of Tartarus
149926 | Tar:7    | HP: 79/332 [Tzitzimitl/bolt of negative energy (28)]
149938 | Tar:7    | HP: 33/332 [??? (24)]
150207 | Tar:7    | HP: 76/329 [Tzitzimitl/bolt of negative energy (12)]
150212 | Tar:7    | HP: 72/330 [tainted leviathan] (8)]
150217 | Tar:7    | HP: 56/330 [tainted leviathan] (2)]
150220 | Tar:7    | Reached skill level 19 in Evocations
150220 | Tar:7    | HP: 27/329 [poison (dark miasma)]
150225 | Tar:7    | HP: 24/329 [poison (dark miasma)]
150394 | Tar:7    | Found the +2 hat of the Bear Spirit {Spirit, Bear, *Rage
                  | Will++}
150494 | Tar:7    | Identified the +11 hand cannon of Doors {penet, MP+9}
151594 | Tar:7    | Identified the ring of Teqerram {+Blink rPois Str+4 Int+5}
151596 | Tar:7    | Identified the staff "Earthworm" {rElec Str+2 Dex+3 Summ
                  | Air}
151774 | Tar:7    | Noticed the Serpent of Hell
151785 | Tar:7    | Killed the Serpent of Hell
151787 | Tar:7    | Noticed Ereshkigal
151813 | Tar:7    | HP: 50/315 [???[Ereshkigal] (38)]
151821 | Tar:7    | HP: 42/313 [???[Ereshkigal] (29)]
151823 | Tar:7    | Killed Ereshkigal
151832 | Tar:7    | HP: 58/304 [profane servitor/+2 whip of venom (11)]
152025 | Tar:7    | Found the +27 heavy crossbow "Sniper" {heavy, Acc+∞ SInv}
152028 | Tar:7    | Identified the +2 scale mail of Muttered Phrases {Harm
                  | Will- Dex+3 Slay+2}
152029 | Tar:7    | Identified the +2 falchion of Law {antimagic, *Rage rElec
                  | Dex+3 SInv}
152031 | Tar:7    | Got a bone rune of Zot
152033 | Tar:7    | Identified the staff "Odedachi" {rC+ Earth}
152456 | Crypt:1  | Entered Level 1 of the Crypt
154038 | Crypt:1  | Reached skill level 27 in Armour
154612 | Crypt:2  | Noticed Jory
154641 | Crypt:2  | Killed Jory
154799 | Crypt:2  | Noticed Saint Roka
154845 | Crypt:2  | Killed Saint Roka
155659 | Crypt:2  | Noticed Xtahua
155692 | Crypt:2  | Killed Xtahua
155832 | Crypt:2  | Found a runed translucent gate.
155834 | Crypt:2  | Found a runed translucent gate.
155835 | Crypt:2  | Noticed Goociwk's ghost (adept GrFi)
155836 | Crypt:2  | Found a runed translucent gate.
156490 | Crypt:2  | Reached skill level 23 in Dodging
156824 | Crypt:2  | Killed Goociwk's ghost
156940 | Crypt:2  | Identified the +2 hat of the Demon Prince {Harm *Slow SInv}
156981 | Crypt:3  | Entered Level 3 of the Crypt
157493 | Crypt:3  | Found a basalt altar of Yredelemnul.
157785 | Crypt:3  | Reached skill level 26 in Translocations
158241 | Crypt:3  | Reached skill level 20 in Evocations
158668 | Crypt:3  | Identified the +1 mace of Patience {drain, *Noise rPois
                  | Int+3 Dex+2}
159022 | Crypt:3  | Identified the +1 scimitar of Vengeance {drain, Int+4
                  | Stlth+}
159215 | Crypt:3  | Found a staircase to the Tomb.
159215 | Crypt:3  | Noticed an ancient lich
159231 | Crypt:3  | Killed an ancient lich
159284 | Tomb:1   | Entered Level 1 of the Tomb of the Ancients
160089 | Tomb:1   | Noticed a royal mummy
160098 | Tomb:1   | Killed a royal mummy
160132 | Tomb:1   | Noticed a royal mummy
160146 | Tomb:1   | Lost mutation: Your natural rate of healing is unusually
                  | fast. [mutagenic glow]
160146 | Tomb:1   | Gained mutation: You do not regenerate when monsters are
                  | visible. [mutagenic glow]
160150 | Tomb:1   | Killed a royal mummy
160176 | Tomb:1   | Lost mutation: You have hidden genetic potential.
                  | [mutagenic glow]
160210 | Tomb:1   | Gained mutation: You sometimes lose your temper in combat.
                  | [mutagenic glow]
160287 | Tomb:1   | Lost mutation: You are resistant to electric shocks.
                  | (rElec) [potion of mutation]
160287 | Tomb:1   | Lost mutation: Your health recovers twice as slowly from
                  | being drained. [potion of mutation]
160287 | Tomb:1   | Lost mutation: You have large cloven feet. [potion of
                  | mutation]
160288 | Tomb:1   | Lost mutation: Your body sometimes deteriorates upon taking
                  | damage. [potion of mutation]
160288 | Tomb:1   | Lost mutation: You do not regenerate when monsters are
                  | visible. [potion of mutation]
160288 | Tomb:1   | Lost mutation: You are clumsy. (Dex -2) [potion of
                  | mutation]
160290 | Tomb:1   | Lost mutation: You are strong-willed. (Will+) [potion of
                  | mutation]
160290 | Tomb:1   | Lost mutation: You expend magic power (3 MP) to strengthen
                  | your wands. [potion of mutation]
160290 | Tomb:1   | Lost mutation: You sometimes lose your temper in combat.
                  | [potion of mutation]
161067 | Tomb:2   | Noticed a royal mummy
161067 | Tomb:2   | Noticed a royal mummy
161067 | Tomb:2   | Noticed a royal mummy
161547 | Tomb:3   | Entered Level 3 of the Tomb of the Ancients
161592 | Tomb:3   | Noticed a royal mummy
161595 | Tomb:3   | Noticed a royal mummy
161595 | Tomb:3   | Noticed a royal mummy
161602 | Tomb:3   | Noticed a royal mummy
161623 | Tomb:3   | Killed a royal mummy
161632 | Tomb:3   | Killed a royal mummy
161644 | Tomb:3   | Reached skill level 13 in Stealth
161646 | Tomb:3   | Killed a royal mummy
161650 | Tomb:3   | HP: 83/355 [death scarab (21)]
161844 | Tomb:2   | Killed a royal mummy
161853 | Tomb:2   | Killed a royal mummy
161868 | Tomb:2   | HP: 85/355 [death scarab (16)]
161872 | Tomb:2   | Noticed a royal mummy
161873 | Tomb:2   | HP: 48/355 [bennu (6)]
161879 | Tomb:2   | HP: 43/355 [ushabti/vile air (4)]
161918 | Tomb:2   | HP: 81/355 [??? (36)]
161918 | Tomb:2   | Killed a royal mummy
161922 | Tomb:2   | HP: 33/355 [??? (16)]
161930 | Tomb:2   | HP: 50/355 [royal mummy/divine providence (9)]
161933 | Tomb:2   | Killed a royal mummy
161935 | Tomb:2   | HP: 54/355 [??? (27)]
161941 | Tomb:2   | HP: 68/355 [ushabti/vile air (1)]
161946 | Tomb:2   | HP: 40/355 [poisoned by an ushabti (dark miasma)]
161951 | Tomb:2   | HP: 41/355 [poisoned by an ushabti (dark miasma)]
161956 | Tomb:2   | HP: 39/355 [ushabti] (8)]
162788 | Tomb:1   | Noticed a royal mummy
162793 | Tomb:1   | Noticed a royal mummy
162797 | Tomb:1   | Noticed a royal mummy
162797 | Tomb:1   | Noticed a royal mummy
162798 | Tomb:1   | Killed a royal mummy
162799 | Tomb:1   | Reached skill level 24 in Dodging
162800 | Tomb:1   | Noticed a royal mummy
162806 | Tomb:1   | Killed a royal mummy
162806 | Tomb:1   | Killed a royal mummy
162809 | Tomb:1   | Killed a royal mummy
162809 | Tomb:1   | HP: 63/355 [??? (30)]
163128 | Tomb:1   | Killed a royal mummy
163256 | Tomb:1   | Noticed a royal mummy
163256 | Tomb:1   | Noticed a royal mummy
163260 | Tomb:1   | Killed a royal mummy
163267 | Tomb:1   | Killed a royal mummy
163400 | Tomb:1   | Noticed a royal mummy
163402 | Tomb:1   | Noticed a royal mummy
163405 | Tomb:1   | Noticed a royal mummy
163408 | Tomb:1   | Killed a royal mummy
163411 | Tomb:1   | Killed a royal mummy
163418 | Tomb:1   | Noticed a royal mummy
163420 | Tomb:1   | Killed a royal mummy
163421 | Tomb:1   | HP: 76/355 [??? (37)]
163426 | Tomb:1   | HP: 78/355 [poisoned by an emperor scorpion]
163429 | Tomb:1   | HP: 36/355 [emperor scorpion[a royal mummy] (7)]
163431 | Tomb:1   | Killed a royal mummy
163442 | Tomb:1   | Noticed a royal mummy
163457 | Tomb:1   | HP: 70/355 [hell beast[a Zot trap] (17)]
163469 | Tomb:1   | HP: 61/355 [??? (25)]
163475 | Tomb:1   | HP: 61/355 [death scarab[a royal mummy] (5)]
163478 | Tomb:1   | Killed a royal mummy
163731 | Tomb:1   | Noticed a royal mummy
163740 | Tomb:1   | Killed a royal mummy
163839 | Tomb:1   | Noticed a royal mummy
163846 | Tomb:1   | Killed a royal mummy
163847 | Tomb:1   | Reached skill level 21 in Evocations
163924 | Tomb:1   | Noticed a royal mummy
163928 | Tomb:1   | Noticed a royal mummy
163934 | Tomb:1   | Killed a royal mummy
163948 | Tomb:1   | Killed a royal mummy
164111 | Tomb:1   | Noticed a royal mummy
164111 | Tomb:1   | Noticed a royal mummy
164115 | Tomb:1   | Noticed a royal mummy
164118 | Tomb:1   | Noticed a royal mummy
164120 | Tomb:1   | Killed a royal mummy
164121 | Tomb:1   | Noticed a royal mummy
164121 | Tomb:1   | Killed a royal mummy
164128 | Tomb:1   | Killed a royal mummy
164131 | Tomb:1   | Killed a royal mummy
164143 | Tomb:1   | HP: 77/355 [??? (36)]
164143 | Tomb:1   | Killed a royal mummy
164377 | Tomb:3   | Noticed a royal mummy
164377 | Tomb:3   | Noticed a royal mummy
164383 | Tomb:3   | Reached skill level 14 in Stealth
164387 | Tomb:3   | Killed a royal mummy
164392 | Tomb:3   | Killed a royal mummy
164393 | Tomb:3   | Reached skill level 27 in Translocations
164393 | Tomb:3   | HP: 87/355 [death scarab (11)]
164399 | Tomb:3   | Noticed a royal mummy
164405 | Tomb:3   | Noticed a royal mummy
164407 | Tomb:3   | HP: 81/355 [??? (34)]
164410 | Tomb:3   | Killed a royal mummy
164413 | Tomb:3   | HP: 65/355 [??? (21)]
164419 | Tomb:3   | Killed a royal mummy
164419 | Tomb:3   | HP: 44/355 [torment (19)]
164423 | Tomb:3   | Noticed a royal mummy
164424 | Tomb:3   | HP: 71/355 [??? (21)]
164436 | Tomb:3   | Killed a royal mummy
164436 | Tomb:3   | HP: 65/355 [torment (33)]
164450 | Tomb:3   | HP: 74/355 [guardian mummy (7)]
164456 | Tomb:3   | HP: 73/355 [mummy priest/divine providence (9)]
164473 | Tomb:3   | HP: 87/355 [royal mummy/divine providence (9)]
164478 | Tomb:3   | Killed a royal mummy
164792 | Tomb:3   | Got a golden rune of Zot
165114 | Tomb:3   | Identified the +5 rapier "Fipuosy" {heavy, rF+ Dex+4}
165217 | Tomb:3   | Identified the +0 leather armour of Leastuil {rPois Dex+3}
165348 | Tomb:3   | Identified the +3 rapier of Kiruomog {venom, rPois MP+9
                  | Dex+2}
165351 | Tomb:3   | Identified the staff of Invincibility {rElec rC+ Dex+3 Ice}
165353 | Tomb:3   | Identified the +7 short sword of Strategic Superiority
                  | {drain, ^Fragile rPois MP+9 Str+3}
165376 | Tomb:3   | Identified the +3 flail of Dividends {vamp, rF+++ Int+5
                  | Dex-5}
165411 | Tomb:3   | Identified the orb of Nux Coip {*Rage, Necro}
166623 | Zot:5    | Noticed a dread lich
166652 | Zot:5    | Killed a dread lich
166820 | Zot:5    | Noticed an orb of fire
166824 | Zot:5    | Noticed an orb of fire
166831 | Zot:5    | Killed an orb of fire
166844 | Zot:5    | Killed an orb of fire
166967 | Zot:5    | Noticed an orb of fire
166989 | Zot:5    | Killed an orb of fire
167004 | Zot:5    | Reached skill level 15 in Stealth
167185 | Zot:5    | Reached skill level 25 in Dodging
167205 | Zot:5    | Noticed an orb of fire
167226 | Zot:5    | Killed an orb of fire
167301 | Zot:5    | Noticed an orb of fire
167324 | Zot:5    | Killed an orb of fire
167692 | Zot:5    | Noticed an orb of fire
167701 | Zot:5    | Noticed an orb of fire
167703 | Zot:5    | Noticed an orb of fire
167712 | Zot:5    | Noticed a dread lich
167727 | Zot:5    | Killed an orb of fire
167731 | Zot:5    | Killed a dread lich
167732 | Zot:5    | Reached skill level 22 in Evocations
168053 | Zot:5    | Killed an orb of fire
168109 | Zot:5    | Killed an orb of fire
168796 | Zig:1    | Entered Level 1 of a ziggurat
168911 | Zig:2    | Entered Level 2 of a ziggurat
169004 | Zig:3    | Entered Level 3 of a ziggurat
169068 | Zig:4    | Entered Level 4 of a ziggurat
169075 | Zig:4    | Found the +5 Storm Queen's Shield {shock, Fly rElec}
169202 | Zig:5    | Entered Level 5 of a ziggurat
169260 | Zig:6    | Entered Level 6 of a ziggurat
169397 | Zig:6    | Identified the staff "Anavor" {Int+3 Dex+4 Air Earth
                  | Alchemy}
169403 | Zig:6    | Identified the +6 dagger "Azoax" {flame, ^Drain Will+
                  | Str+3}
169409 | Zig:7    | Entered Level 7 of a ziggurat
169592 | Zig:7    | Identified the +6 dire flail of Ihuytsif {freeze, *Corrode
                  | rC+ Int+2 Dex+3}
169595 | Zig:8    | Entered Level 8 of a ziggurat
169615 | Zig:8    | Reached skill level 9 in Polearms
169615 | Zig:8    | Reached skill level 16 in Stealth
169622 | Zig:8    | HP: 170/710 [??? (101)]
169626 | Zig:8    | HP: 82/355 [hellephant/blast of flame (6)]
169634 | Zig:8    | HP: 79/355 [hellephant/blast of flame (1)]
169808 | Zig:8    | Got Cosynkiq's Octavo of the Assistive Crypt
169816 | Zig:8    | Identified the ring of Hudosacve {EV+5 Str-2 Int+5 SInv}
169826 | Zig:9    | Entered Level 9 of a ziggurat
169891 | Zig:9    | Found the amulet of the Air {Inacc Air Fly rElec RMsl}
170044 | Zig:10   | Entered Level 10 of a ziggurat
170127 | Zig:10   | Identified the +7 war axe "Zunonnif" {freeze, rF+ rC+ rCorr
                  | Stlth+}
170151 | Zig:10   | Identified the +0 robe of Ulemnej {+Inv rC++ Slay+4}
170172 | Zig:11   | Entered Level 11 of a ziggurat
170184 | Zig:11   | Noticed a dread lich
170184 | Zig:11   | Noticed an ancient lich
170185 | Zig:11   | Found the +4 consecrated labrys {holy, Valiant ^Fragile Fly
                  | SInv}
170213 | Zig:11   | Killed a dread lich
170216 | Zig:11   | Killed an ancient lich
170250 | Zig:11   | Identified the amulet "Giaxkue Viusm" {rPois Regen+}
170258 | Zig:11   | Identified the +1 robe of Luunor Reolo {Str+5 SInv}
170274 | Zig:11   | Reached skill level 10 in Polearms
170311 | Zig:12   | Entered Level 12 of a ziggurat
170548 | Zig:13   | Entered Level 13 of a ziggurat
170559 | Zig:13   | Reached skill level 26 in Dodging
170595 | Zig:13   | Reached skill level 11 in Polearms
170757 | Zig:13   | Found the ring of the Tortoise {AC+8}
170775 | Zig:13   | Identified the ring "Syuqig" {rPois EV+5 Dex+3}
170791 | Zig:13   | Identified the +7 halberd "Esofalue" {flame, Str+4}
170814 | Zig:14   | Entered Level 14 of a ziggurat
170875 | Zig:14   | Reached skill level 17 in Stealth
170894 | Zig:14   | Identified the staff of Jedysk {rElec rPois rN+ SInv Air}
171241 | Zig:15   | Entered Level 15 of a ziggurat
171256 | Zig:15   | Noticed a royal mummy
171257 | Zig:15   | Noticed a royal mummy
171257 | Zig:15   | Noticed a royal mummy
171258 | Zig:15   | Noticed a royal mummy
171260 | Zig:15   | Noticed a royal mummy
171261 | Zig:15   | Reached skill level 23 in Evocations
171261 | Zig:15   | Noticed a royal mummy
171266 | Zig:15   | Killed a royal mummy
171267 | Zig:15   | HP: 114/708 [??? (81)]
171270 | Zig:15   | Noticed a royal mummy
171271 | Zig:15   | Killed a royal mummy
171272 | Zig:15   | HP: 83/710 [mummy priest/divine providence (8)]
171272 | Zig:15   | HP: 37/710 [royal mummy/divine providence (12)]
171274 | Zig:15   | Zin protects you from harm!
171278 | Zig:15   | HP: 66/355 [emperor scorpion[a royal mummy] (3)]
171283 | Zig:15   | HP: 75/355 [mummy priest/divine providence (8)]
171288 | Zig:15   | HP: 55/355 [something (5)]
171294 | Zig:15   | HP: 50/355 [royal mummy/divine providence (11)]
171300 | Zig:15   | HP: 43/355 [something (10)]
171305 | Zig:15   | HP: 30/355 [??? (16)]
171311 | Zig:15   | Reached skill level 18 in Axes
171314 | Zig:15   | HP: 60/355 [royal mummy/divine providence (9)]
171316 | Zig:15   | Killed a royal mummy
171318 | Zig:15   | Killed a royal mummy
171319 | Zig:15   | HP: 59/710 [royal mummy/divine providence (9)]
171336 | Zig:15   | Killed a royal mummy
171360 | Zig:15   | HP: 52/355 [??? (32)]
171437 | Zig:15   | Killed a royal mummy
171520 | Zig:15   | Killed a royal mummy
171842 | Zig:15   | Identified the staff of Qabuadof {rElec rPois Int+3 Dex-5
                  | SInv Alchemy}
171844 | Zig:15   | Identified the orb of Lyepp {*Rage, -Tele Will+ Dex+3}
171915 | Zot:5    | Got the Orb of Zot
171944 | Zot:5    | Noticed Mesixt the pandemonium lord
171950 | Zot:5    | Killed Mesixt the pandemonium lord
172315 | D:15     | Noticed Xiavobob the pandemonium lord
172617 | D:$      | Escaped with the Orb!

Illustrated notes

Levels and vault maps discovered:
D:1:      tarquinn_simple_flora_water_e, layout_loops_ring, serial_shops, shop,
          dreamdust_ecumenical_altar_hidden_monk_grotto
D:2:      layout_basic, minmay_rat_gold_closets
D:3:      layout_loops_ring, grunt_decor_fettered, uniq_ijyb, uniq_natasha,
          uniq_sigmund
D:4:      layout_rooms, minmay_temple_entry_steel_oval
D:5:      layout_basic
D:6:      layout_gridville, serial_shops, nicolae_shop_dealshenge, uniq_jeremiah
D:7:      layout_loops_ring, enter_bailey_6
D:8:      layout_basic, overflow_temple_1_default, mainiacjoe_overflow_catwalk,
          hangedman_decor_lopped, nicolae_shop_vocational
D:9:      layout_irregular_city, mainiacjoe_overflow_alcove_4
D:10:     minmay_cut_squares, layout_stronghold, tso_altar,
          due_lair_maze_entry_diamond, minmay_misc_feat_diagonals,
          minmay_increasing_density, uniq_snorg
D:11:     minmay_ambush_box, layout_irregular_city,
          maelrawn_ghost_gauntlet_escape, kennysheep_decorative_pillar,
          nicolae_concentric_dashed_squares_mild
D:12:     layout_irregular_city, minmay_orc_entry_guard_dogs, serial_shops,
          nicolae_shop_rolled_up
D:13:     layout_rooms, nicolae_trove_entry_free_sample, serial_shops,
          nicolae_shop_pleasant_corner_grove
D:14:     layout_long_grid, grunt_vaults_entry_tiered,
          ashenzari_conservatory_becter, disabler_island
D:15:     hangedman_depths_entry_try_elsewhere_first, layout_cave_pools,
          nicolae_two_hexagons, uniq_louise, uniq_jorgrun
Lair:1:   layout_small_grid, uniq_gastronok
Lair:2:   layout_chaotic_city, spider_nest_entry_funnel_web, evilmike_ambush
          [evilmike_ambush_outer_basic, evilmike_ambush_inner_basic],
          grunt_megastairs_3
Lair:3:   layout_loops_ring, elwin_shoals_entry_stream, grunt_megastairs_2
Lair:4:   layout_roguey, basic_altar, grunt_forest_large_clearing_hut,
          infiniplex_staircase_pool_2
Lair:5:   hellmonk_lair_end_abyssal_woods, layout_long_grid, slime_entry_1
Shoals:1: layout_shoals, nicolae_shoals_mertower
Shoals:2: layout_shoals, uniq_ilsuiw
Shoals:3: layout_shoals
Shoals:4: shoals_end_hellmonk_holy_island
Spider:1: nicolae_spider_hilbert_zone_5 [nicolae_spider_hilbert_3_sides_1_open,
          nicolae_spider_hilbert_4_sides_1_open,
          nicolae_spider_hilbert_4_sides_1_open,
          nicolae_spider_hilbert_6_sides_1_open,
          nicolae_spider_hilbert_6_sides_1_open], uniq_kirke, uniq_mlioglotl
Spider:2: layout_spider_delve, uniq_nikola
Spider:3: layout_chambers, nicolae_spider_circle_web, uniq_arachne, uniq_donald,
          uniq_aizul
Spider:4: grunt_spider_rune_parallel
Slime:1:  layout_caves
Slime:2:  layout_caves, cheibrodos_slime_lost_civilization_7
Slime:3:  layout_caves
Slime:4:  layout_caves, special_room [special_room_jelly]
Slime:5:  slime_pit_nicolae_inversion
Orc:1:    layout_caves, serial_shops, shop, library_closet
Orc:2:    st_orc_ogre_mass, layout_caves, ebering_ghost_gozag,
          nicolae_shop_clearance
Elf:1:    eino_elf_arrival_altar, layout_onion_city, hangedman_corner_corridor,
          glass_columns_a, nicolae_shop_unique_rings
Elf:2:    elven_hall_of_blades_hangedman_original [nicolae_blade_tridents],
          layout_geoelf_grid, portal_ice_cave_entry_pillars_1,
          minmay_crystal_room
Elf:3:    elf_hall, layout_rooms
Vaults:1: ontoclasm_vaults_decontamination, vaults_room_grunt_arrival_ludios,
          nicolae_vaults_offset_grid_hallway_3, v_misc_2,
          nicolae_vaults_little_squares_6, vaults_room_pools,
          hangedman_vaults_variations, ontoclasm_vaults_pinch,
          nicolae_vaults_diagonal_hallway_6, nicolae_vaults_tetromino_T_2,
          layout_vaults_omnigrid
Vaults:2: ebering_ghost_reflecting_pool, nicolae_vaults_network_s,
          nicolae_vaults_little_squares_1, nicolae_vaults_storage_closets_1,
          minmay_crypt_entry_necro_gods, nicolae_vaults_spaceships,
          hangedman_vaults_stretched_pinwheel, grunt_vaults_focal, v_misc_27,
          nicolae_vaults_alarming, v_misc_29, layout_vaults_ring
Vaults:3: nicolae_vaults_storage_room_statues, nicolae_vaults_double_plus_2,
          nicolae_vaults_door_testing_chamber, nicolae_vaults_diamond_2,
          hangedman_vaults_snaps, vaults_mumra_chevron,
          vaults_standard_mumra_lines, vaults_dpeg_emergency_exit,
          vaults_room_boxed, nicolae_vaults_tangram_1, v_misc_12,
          nicolae_vaults_weapon_check, ontoclasm_vaults_ring_square,
          vaults_dpeg_cross, layout_vaults_omnibox
Vaults:4: ontoclasm_vaults_shuriken, nicolae_vaults_trapezoid_lopsided_1,
          lightli_orcish_oven, nicolae_vaults_inception_corners,
          vaults_dpeg_ring, nicolae_vaults_sesquioval_fish,
          hangedman_vaults_nails, nicolae_vaults_tetromino_Z_1, v_alt_pattern_1,
          nicolae_vaults_tetromino_T_1, v_misc_18, nicolae_vaults_cochlea,
          nicolae_vaults_little_squares_6, grunt_vaults_hallway_short,
          hangedman_vaults_river_flow, layout_vaults_maze_snakey
Vaults:5
Crypt:1:  layout_misc_corridors, nicolae_crypt_paired_memorials
Crypt:2:  layout_catacombs, gammafunk_ghost_split, st_shrine_of_skulls,
          lemuel_upstairs_altar, uniq_saint_roka, uniq_xtahua, uniq_jory
Crypt:3:  grunt_crypt_end_deaths_head
Tomb:1
Tomb:2
Tomb:3
Depths:1: layout_cave_pools, fedhas_altar_3, serial_glass, glass_columns_c,
          glass_columns_a, grunt_mini_vestibule, zin_scriptorium,
          infiniplex_staircase_pool_lava, firewood_loft, minmay_shop_grove
Depths:2: lemuel_troll_bridge, layout_gridville, grunt_pan_entry_spiral,
          grunt_hell_entry_dis_old, gammafunk_ghost_crypt, corexii_corridor_pit,
          chequers_serial_rivers_micro_d
Depths:3: dreamdust_experimentation, layout_gridlike, enter_ziggurat_c,
          minmay_misc_feat_square, abyss_entry_flame_altar, hell_entry,
          minivault_14, infiniplex_staircase_pool_1
Depths:4: evilmike_zot_entry_diamond, layout_gridlike, hell_entry,
          abyss_entry_small_statue_room, nicolae_uskayaw_suspiria, uniq_sojobo
Hell
Dis:1:    layout_regular_city
Dis:2:    layout_jigsaw
Dis:3:    layout_jigsaw, nrook_loot_triangle
Dis:4:    layout_regular_city, nicolae_hells_fiendish_ambush
Dis:5:    layout_subdivisions, nicolae_hells_leichenhalle
Dis:6:    layout_regular_city
Dis:7:    iron_city_of_dis [dis_old, dis_wall_7], layout_gridville,
          not_door_vault_mu
Geh:1:    layout_gehenna_pools_basic, lemuel_hellish_altar
Geh:2:    layout_gehenna_pools_triple
Geh:3:    layout_gehenna_pools_basic
Geh:4:    nicolae_hells_demon_pit, layout_gehenna_lava_caves
Geh:5:    layout_gehenna_lava_caves
Geh:6:    layout_gehenna_pools_triple, nicolae_geh_niches_of_the_damned
Geh:7:    geh_grunt_pentagon
Coc:1:    layout_cocytus_water_paths
Coc:2:    layout_cocytus_water_paths
Coc:3:    layout_cocytus_water_paths
Coc:4:    layout_cocytus_water_paths
Coc:5:    layout_cocytus_water_paths
Coc:6:    nicolae_coc_naught_crossing, layout_ice_bergs
Coc:7:    coc_grunt_cove [coc_grunt_cove_antaeus, coc_grunt_cove_fiend,
          coc_grunt_cove_fiend, coc_grunt_cove_fiend, coc_grunt_cove_fiend]
Tar:1:    layout_grid_maze
Tar:2:    layout_grid_maze
Tar:3:    layout_grid_maze
Tar:4:    layout_cathedral_of_symmetry, nicolae_tar_windowcombs
Tar:5:    layout_grid_maze
Tar:6:    layout_grid_maze, nicolae_tar_cuneiform_to_be
Tar:7:    tar_minmay_river
Zot:1:    minmay_elemental_castle, layout_concentric_octagons
Zot:2:    layout_gridlike
Zot:3:    lemuel_firehouse, layout_onion_interference, st_stairs_7,
          grunt_ministairs_3
Zot:4:    layout_misc_corridors, amethyst_zot_foddershock
Zot:5:    layout_twisted_circle

Skill      XL: |  1  2  3  4  5  6  7  8  9 10 11 12 13 14 15 16 17 18 19 20 21 22 23 24 25 26 27 |
---------------+----------------------------------------------------------------------------------+-----
Fighting       | 5 8 10 12 13 14 15 16 17 18 19 20 21 22 23 27 | 27.0
Polearms       | 4 6 11 | 11.0
Axes           | 7 11 14 17 18 | 18.4
Armour         | 4 5 7 8 9 10 11 12 13 14 27 | 27.0
Shields        | 5 8 10 12 13 14 15 16 17 18 19 27 | 27.0
Dodging        | 4 6 7 9 10 11 12 13 14 26 | 26.4
Spellcasting   | 3 5 7 8 9 10 11 12 13 14 15 27 | 27.0
Evocations     | 2 6 8 9 10 11 23 | 23.2
Translocations | 3 5 6 7 8 9 10 11 27 | 27.0
Invocations    | 4 6 9 12 15 16 17 27 | 27.0
Stealth        | 3 4 5 7 8 9 17 | 17.4
Necromancy     | 4 |  4.8
Ice Magic      | 13 | 13.0

Action                     |  1- 3 |  4- 6 |  7- 9 | 10-12 | 13-15 | 16-18 | 19-21 | 22-24 | 25-27 || total
---------------------------+-------+-------+-------+-------+-------+-------+-------+-------+-------++-------
  Melee: Hand axe          |    94 |   107 |    95 |       |       |       |       |       |       ||   296
         Headbutt          |    11 |    18 |    45 |    75 |   136 |   205 |   584 |   383 |  3145 ||  4602
         Trident           |     7 |    11 |   129 |       |       |       |       |       |       ||   147
         Unarmed           |       |       |     8 |       |       |       |       |       |       ||     8
         Broad axe         |       |       |     5 |   415 |   758 |   901 |  1965 |  1442 |  7637 || 13123
         Kick              |       |       |       |       |       |   277 |   904 |   597 |  4389 ||  6167
         Trishula          |       |       |       |       |       |       |     5 |   213 |  8902 ||  9120
         Labrys            |       |       |       |       |       |       |       |       |   355 ||   355
  Throw: Stone             |    19 |     3 |     1 |       |       |     8 |       |       |       ||    31
   Cast: Blink             |       |       |       |       |       |     2 |       |     1 |    60 ||    63
         Apportation       |       |       |       |       |       |       |     7 |       |    72 ||    79
         Manifold Assault  |       |       |       |       |       |       |       |       |  2009 ||  2009
         Summon Forest     |       |       |       |       |       |       |       |       |     3 ||     3
         Passage of Golubr |       |       |       |       |       |       |       |       |     1 ||     1
 Invoke: Donate Gold       |       |       |       |       |       |       |     2 |       |       ||     2
         Recite            |       |       |       |       |       |       |       |     7 |    30 ||    37
         Vitalisation      |       |       |       |       |       |       |       |     1 |    27 ||    28
         Imprison          |       |       |       |       |       |       |       |       |     1 ||     1
  Evoke: Wand              |       |     1 |       |     4 |       |     4 |     2 |    18 |   103 ||   132
         Condenser vane    |       |       |       |       |     1 |     1 |     1 |     4 |    15 ||    22
         Phantom mirror    |       |       |       |       |       |     2 |       |     4 |    17 ||    23
         Sack of spiders   |       |       |       |       |       |     1 |       |     2 |    10 ||    13
         Gell's gravitambo |       |       |       |       |       |       |     1 |     5 |    22 ||    28
         Lightning rod     |       |       |       |       |       |       |       |     7 |    11 ||    18
         Figurine of a zig |       |       |       |       |       |       |       |       |     1 ||     1
    Use: Scroll            |       |       |     8 |    10 |     8 |     6 |     6 |    14 |    71 ||   123
         Potion            |       |       |     1 |     1 |     4 |     4 |       |    15 |    99 ||   124
   Stab: Confused          |       |     1 |     1 |       |    12 |     5 |     4 |       |    25 ||    48
         Distracted        |       |       |     1 |       |       |     4 |     2 |     5 |    73 ||    85
         Paralysed         |       |       |       |     2 |     3 |     3 |     5 |       |    18 ||    31
         Petrifying        |       |       |       |     1 |     1 |     1 |     2 |       |       ||     5
         Sleeping          |       |       |       |       |     4 |     8 |    19 |    30 |   112 ||   173
         Petrified         |       |       |       |       |     2 |     1 |     2 |       |       ||     5
         Held in net/web   |       |       |       |       |     2 |       |       |       |       ||     2
         Invisible         |       |       |       |       |       |     3 |       |     1 |     5 ||     9
 Armour: Robe              |    67 |    80 |   181 |   349 |   416 |   573 |   443 |       |  1990 ||  4099
         Skin              |       |       |     9 |       |       |       |       |       |       ||     9
         Troll leather arm |       |       |       |       |       |       |   334 |       |       ||   334
         Shadow dragon sca |       |       |       |       |       |       |   102 |   803 |  2828 ||  3733
  Dodge: Dodged            |    41 |    49 |   102 |   156 |   127 |   250 |   615 |   315 |  1766 ||  3421
         Repelled          |       |       |       |       |       |       |       |       |     1 ||     1
  Block: Other             |       |       |    30 |   169 |     2 |       |       |       |       ||   201
         Reflection        |       |       |     1 |    11 |     2 |       |       |       |       ||    14
         Tower shield      |       |       |       |       |   836 |   963 |  2428 |  1853 | 15341 || 21421
         Kite shield       |       |       |       |       |       |       |       |       |   143 ||   143

Table legend: (Time is in decaauts)
 A = Elapsed time spent in this place.
 B = Non-inter-level travel time spent in this place.
 C = Inter-level travel time spent in this place.
 D = Time resting spent in this place.
 E = Time spent auto-exploring this place.
 F = Levels seen in this place.
 G = Mean time per level.
                   A        B        C        D        E       F      G
               +--------+--------+--------+--------+--------+-----+--------+
         Total | 168245 | 158442 |   9803 |   2967 | 118864 | 137 | 1228.1 |
       Dungeon |  17118 |  14096 |   3022 |     19 |  11543 |  15 | 1141.2 |
          Lair |   6747 |   6242 |    505 |      0 |   5187 |   5 | 1349.4 |
        Shoals |   3593 |   3386 |    207 |      7 |   2452 |   4 |  898.2 |
   Spider Nest |   6421 |   6138 |    283 |      0 |   5006 |   4 | 1605.2 |
    Slime Pits |   1485 |   1411 |     74 |    155 |    449 |   5 |  297.0 |
  Orcish Mines |   2379 |   2023 |    356 |      0 |   1672 |   2 | 1189.5 |
   Elven Halls |   3702 |   3547 |    155 |      5 |   2377 |   3 | 1234.0 |
        Vaults |   7987 |   7209 |    778 |     28 |   5117 |   5 | 1597.4 |
         Crypt |   6620 |   6469 |    151 |      0 |   5740 |   3 | 2206.7 |
          Tomb |   6152 |   5730 |    422 |    282 |   4328 |   3 | 2050.7 |
        Depths |   5517 |   4506 |   1011 |      2 |   3333 |   4 | 1379.2 |
          Hell |   2090 |   1691 |    399 |    152 |   1122 |   1 | 2090.0 |
           Dis |   4301 |   4166 |    135 |     23 |   2732 |   7 |  614.4 |
       Gehenna |   4073 |   3835 |    238 |    168 |   2660 |   7 |  581.9 |
       Cocytus |   8010 |   7704 |    306 |    672 |   5812 |   7 | 1144.3 |
      Tartarus |   5083 |   4737 |    346 |    510 |   3081 |   7 |  726.1 |
           Zot |   8777 |   7368 |   1409 |      2 |   5132 |   5 | 1755.4 |
         Abyss |   1093 |   1093 |      0 |      2 |    137 |   3 |  364.3 |
   Pandemonium |  62216 |  62216 |      0 |    884 |  47721 |  29 | 2145.4 |
      Ziggurat |   2972 |   2972 |      0 |     42 |   1982 |  15 |  198.1 |
         Trove |    104 |    104 |      0 |      0 |     72 |   1 |  104.0 |
        Bailey |   1051 |   1051 |      0 |      5 |    821 |   1 | 1051.0 |
      Ice Cave |    744 |    744 |      0 |      3 |    386 |   1 |  744.0 |
               +--------+--------+--------+--------+--------+-----+--------+

Top non-repeatable levels by time:
   Coc:7: 5220 daAuts
  Tomb:1: 3345 daAuts
   Zot:5: 2961 daAuts
   Tar:7: 2519 daAuts
 Crypt:3: 2273 daAuts
 Crypt:2: 2267 daAuts
Spider:4: 2165 daAuts
Vaults:2: 2125 daAuts
  Lair:5: 2093 daAuts
    Hell: 2090 daAuts
 Crypt:1: 2080 daAuts
Depths:2: 2014 daAuts
    D:10: 1957 daAuts
   Zot:3: 1869 daAuts
   Dis:7: 1846 daAuts

Levels and vault maps discovered:
D:1:      tarquinn_simple_flora_water_e, layout_loops_ring, serial_shops, shop,
          dreamdust_ecumenical_altar_hidden_monk_grotto
D:2:      layout_basic, minmay_rat_gold_closets
D:3:      layout_loops_ring, grunt_decor_fettered, uniq_ijyb, uniq_natasha,
          uniq_sigmund
D:4:      layout_rooms, minmay_temple_entry_steel_oval
D:5:      layout_basic
D:6:      layout_gridville, serial_shops, nicolae_shop_dealshenge, uniq_jeremiah
D:7:      layout_loops_ring, enter_bailey_6
D:8:      layout_basic, overflow_temple_1_default, mainiacjoe_overflow_catwalk,
          hangedman_decor_lopped, nicolae_shop_vocational
D:9:      layout_irregular_city, mainiacjoe_overflow_alcove_4
D:10:     minmay_cut_squares, layout_stronghold, tso_altar,
          due_lair_maze_entry_diamond, minmay_misc_feat_diagonals,
          minmay_increasing_density, uniq_snorg
D:11:     minmay_ambush_box, layout_irregular_city,
          maelrawn_ghost_gauntlet_escape, kennysheep_decorative_pillar,
          nicolae_concentric_dashed_squares_mild
D:12:     layout_irregular_city, minmay_orc_entry_guard_dogs, serial_shops,
          nicolae_shop_rolled_up
D:13:     layout_rooms, nicolae_trove_entry_free_sample, serial_shops,
          nicolae_shop_pleasant_corner_grove
D:14:     layout_long_grid, grunt_vaults_entry_tiered,
          ashenzari_conservatory_becter, disabler_island
D:15:     hangedman_depths_entry_try_elsewhere_first, layout_cave_pools,
          nicolae_two_hexagons, uniq_louise, uniq_jorgrun
Lair:1:   layout_small_grid, uniq_gastronok
Lair:2:   layout_chaotic_city, spider_nest_entry_funnel_web, evilmike_ambush
          [evilmike_ambush_outer_basic, evilmike_ambush_inner_basic],
          grunt_megastairs_3
Lair:3:   layout_loops_ring, elwin_shoals_entry_stream, grunt_megastairs_2
Lair:4:   layout_roguey, basic_altar, grunt_forest_large_clearing_hut,
          infiniplex_staircase_pool_2
Lair:5:   hellmonk_lair_end_abyssal_woods, layout_long_grid, slime_entry_1
Shoals:1: layout_shoals, nicolae_shoals_mertower
Shoals:2: layout_shoals, uniq_ilsuiw
Shoals:3: layout_shoals
Shoals:4: shoals_end_hellmonk_holy_island
Spider:1: nicolae_spider_hilbert_zone_5 [nicolae_spider_hilbert_3_sides_1_open,
          nicolae_spider_hilbert_4_sides_1_open,
          nicolae_spider_hilbert_4_sides_1_open,
          nicolae_spider_hilbert_6_sides_1_open,
          nicolae_spider_hilbert_6_sides_1_open], uniq_kirke, uniq_mlioglotl
Spider:2: layout_spider_delve, uniq_nikola
Spider:3: layout_chambers, nicolae_spider_circle_web, uniq_arachne, uniq_donald,
          uniq_aizul
Spider:4: grunt_spider_rune_parallel
Slime:1:  layout_caves
Slime:2:  layout_caves, cheibrodos_slime_lost_civilization_7
Slime:3:  layout_caves
Slime:4:  layout_caves, special_room [special_room_jelly]
Slime:5:  slime_pit_nicolae_inversion
Orc:1:    layout_caves, serial_shops, shop, library_closet
Orc:2:    st_orc_ogre_mass, layout_caves, ebering_ghost_gozag,
          nicolae_shop_clearance
Elf:1:    eino_elf_arrival_altar, layout_onion_city, hangedman_corner_corridor,
          glass_columns_a, nicolae_shop_unique_rings
Elf:2:    elven_hall_of_blades_hangedman_original [nicolae_blade_tridents],
          layout_geoelf_grid, portal_ice_cave_entry_pillars_1,
          minmay_crystal_room
Elf:3:    elf_hall, layout_rooms
Vaults:1: ontoclasm_vaults_decontamination, vaults_room_grunt_arrival_ludios,
          nicolae_vaults_offset_grid_hallway_3, v_misc_2,
          nicolae_vaults_little_squares_6, vaults_room_pools,
          hangedman_vaults_variations, ontoclasm_vaults_pinch,
          nicolae_vaults_diagonal_hallway_6, nicolae_vaults_tetromino_T_2,
          layout_vaults_omnigrid
Vaults:2: ebering_ghost_reflecting_pool, nicolae_vaults_network_s,
          nicolae_vaults_little_squares_1, nicolae_vaults_storage_closets_1,
          minmay_crypt_entry_necro_gods, nicolae_vaults_spaceships,
          hangedman_vaults_stretched_pinwheel, grunt_vaults_focal, v_misc_27,
          nicolae_vaults_alarming, v_misc_29, layout_vaults_ring
Vaults:3: nicolae_vaults_storage_room_statues, nicolae_vaults_double_plus_2,
          nicolae_vaults_door_testing_chamber, nicolae_vaults_diamond_2,
          hangedman_vaults_snaps, vaults_mumra_chevron,
          vaults_standard_mumra_lines, vaults_dpeg_emergency_exit,
          vaults_room_boxed, nicolae_vaults_tangram_1, v_misc_12,
          nicolae_vaults_weapon_check, ontoclasm_vaults_ring_square,
          vaults_dpeg_cross, layout_vaults_omnibox
Vaults:4: ontoclasm_vaults_shuriken, nicolae_vaults_trapezoid_lopsided_1,
          lightli_orcish_oven, nicolae_vaults_inception_corners,
          vaults_dpeg_ring, nicolae_vaults_sesquioval_fish,
          hangedman_vaults_nails, nicolae_vaults_tetromino_Z_1, v_alt_pattern_1,
          nicolae_vaults_tetromino_T_1, v_misc_18, nicolae_vaults_cochlea,
          nicolae_vaults_little_squares_6, grunt_vaults_hallway_short,
          hangedman_vaults_river_flow, layout_vaults_maze_snakey
Vaults:5
Crypt:1:  layout_misc_corridors, nicolae_crypt_paired_memorials
Crypt:2:  layout_catacombs, gammafunk_ghost_split, st_shrine_of_skulls,
          lemuel_upstairs_altar, uniq_saint_roka, uniq_xtahua, uniq_jory
Crypt:3:  grunt_crypt_end_deaths_head
Tomb:1
Tomb:2
Tomb:3
Depths:1: layout_cave_pools, fedhas_altar_3, serial_glass, glass_columns_c,
          glass_columns_a, grunt_mini_vestibule, zin_scriptorium,
          infiniplex_staircase_pool_lava, firewood_loft, minmay_shop_grove
Depths:2: lemuel_troll_bridge, layout_gridville, grunt_pan_entry_spiral,
          grunt_hell_entry_dis_old, gammafunk_ghost_crypt, corexii_corridor_pit,
          chequers_serial_rivers_micro_d
Depths:3: dreamdust_experimentation, layout_gridlike, enter_ziggurat_c,
          minmay_misc_feat_square, abyss_entry_flame_altar, hell_entry,
          minivault_14, infiniplex_staircase_pool_1
Depths:4: evilmike_zot_entry_diamond, layout_gridlike, hell_entry,
          abyss_entry_small_statue_room, nicolae_uskayaw_suspiria, uniq_sojobo
Hell
Dis:1:    layout_regular_city
Dis:2:    layout_jigsaw
Dis:3:    layout_jigsaw, nrook_loot_triangle
Dis:4:    layout_regular_city, nicolae_hells_fiendish_ambush
Dis:5:    layout_subdivisions, nicolae_hells_leichenhalle
Dis:6:    layout_regular_city
Dis:7:    iron_city_of_dis [dis_old, dis_wall_7], layout_gridville,
          not_door_vault_mu
Geh:1:    layout_gehenna_pools_basic, lemuel_hellish_altar
Geh:2:    layout_gehenna_pools_triple
Geh:3:    layout_gehenna_pools_basic
Geh:4:    nicolae_hells_demon_pit, layout_gehenna_lava_caves
Geh:5:    layout_gehenna_lava_caves
Geh:6:    layout_gehenna_pools_triple, nicolae_geh_niches_of_the_damned
Geh:7:    geh_grunt_pentagon
Coc:1:    layout_cocytus_water_paths
Coc:2:    layout_cocytus_water_paths
Coc:3:    layout_cocytus_water_paths
Coc:4:    layout_cocytus_water_paths
Coc:5:    layout_cocytus_water_paths
Coc:6:    nicolae_coc_naught_crossing, layout_ice_bergs
Coc:7:    coc_grunt_cove [coc_grunt_cove_antaeus, coc_grunt_cove_fiend,
          coc_grunt_cove_fiend, coc_grunt_cove_fiend, coc_grunt_cove_fiend]
Tar:1:    layout_grid_maze
Tar:2:    layout_grid_maze
Tar:3:    layout_grid_maze
Tar:4:    layout_cathedral_of_symmetry, nicolae_tar_windowcombs
Tar:5:    layout_grid_maze
Tar:6:    layout_grid_maze, nicolae_tar_cuneiform_to_be
Tar:7:    tar_minmay_river
Zot:1:    minmay_elemental_castle, layout_concentric_octagons
Zot:2:    layout_gridlike
Zot:3:    lemuel_firehouse, layout_onion_interference, st_stairs_7,
          grunt_ministairs_3
Zot:4:    layout_misc_corridors, amethyst_zot_foddershock
Zot:5:    layout_twisted_circle

Table legend: (Time is in decaauts)
 A = Elapsed time spent in this place.
 B = Non-inter-level travel time spent in this place.
 C = Inter-level travel time spent in this place.
 D = Time resting spent in this place.
 E = Time spent auto-exploring this place.
 F = Levels seen in this place.
 G = Mean time per level.
                   A        B        C        D        E       F      G
               +--------+--------+--------+--------+--------+-----+--------+
         Total | 168245 | 158442 |   9803 |   2967 | 118864 | 137 | 1228.1 |
       Dungeon |  17118 |  14096 |   3022 |     19 |  11543 |  15 | 1141.2 |
          Lair |   6747 |   6242 |    505 |      0 |   5187 |   5 | 1349.4 |
        Shoals |   3593 |   3386 |    207 |      7 |   2452 |   4 |  898.2 |
   Spider Nest |   6421 |   6138 |    283 |      0 |   5006 |   4 | 1605.2 |
    Slime Pits |   1485 |   1411 |     74 |    155 |    449 |   5 |  297.0 |
  Orcish Mines |   2379 |   2023 |    356 |      0 |   1672 |   2 | 1189.5 |
   Elven Halls |   3702 |   3547 |    155 |      5 |   2377 |   3 | 1234.0 |
        Vaults |   7987 |   7209 |    778 |     28 |   5117 |   5 | 1597.4 |
         Crypt |   6620 |   6469 |    151 |      0 |   5740 |   3 | 2206.7 |
          Tomb |   6152 |   5730 |    422 |    282 |   4328 |   3 | 2050.7 |
        Depths |   5517 |   4506 |   1011 |      2 |   3333 |   4 | 1379.2 |
          Hell |   2090 |   1691 |    399 |    152 |   1122 |   1 | 2090.0 |
           Dis |   4301 |   4166 |    135 |     23 |   2732 |   7 |  614.4 |
       Gehenna |   4073 |   3835 |    238 |    168 |   2660 |   7 |  581.9 |
       Cocytus |   8010 |   7704 |    306 |    672 |   5812 |   7 | 1144.3 |
      Tartarus |   5083 |   4737 |    346 |    510 |   3081 |   7 |  726.1 |
           Zot |   8777 |   7368 |   1409 |      2 |   5132 |   5 | 1755.4 |
         Abyss |   1093 |   1093 |      0 |      2 |    137 |   3 |  364.3 |
   Pandemonium |  62216 |  62216 |      0 |    884 |  47721 |  29 | 2145.4 |
      Ziggurat |   2972 |   2972 |      0 |     42 |   1982 |  15 |  198.1 |
         Trove |    104 |    104 |      0 |      0 |     72 |   1 |  104.0 |
        Bailey |   1051 |   1051 |      0 |      5 |    821 |   1 | 1051.0 |
      Ice Cave |    744 |    744 |      0 |      3 |    386 |   1 |  744.0 |
               +--------+--------+--------+--------+--------+-----+--------+

Top non-repeatable levels by time:
   Coc:7: 5220 daAuts
  Tomb:1: 3345 daAuts
   Zot:5: 2961 daAuts
   Tar:7: 2519 daAuts
 Crypt:3: 2273 daAuts
 Crypt:2: 2267 daAuts
Spider:4: 2165 daAuts
Vaults:2: 2125 daAuts
  Lair:5: 2093 daAuts
    Hell: 2090 daAuts
 Crypt:1: 2080 daAuts
Depths:2: 2014 daAuts
    D:10: 1957 daAuts
   Zot:3: 1869 daAuts
   Dis:7: 1846 daAuts

Table legend:
 A = Kills in this place as a percentage of kills in the entire game.
 B = Kills by you in this place as a percentage of kills by you in the entire game.
 C = Kills by friends in this place as a percentage of kills by friends in the entire game.
 D = Other kills in this place as a percentage of other kills in the entire game.
 E = Experience gained in this place as a percentage of experience gained in the entire game.
 F = Experience gained in this place divided by the number of levels of this place that you have seen.
                   A       B       C       D       E      F
               +-------+-------+-------+-------+-------+----------------------
         Total | 100.0 | 100.0 | 100.0 | 100.0 | 100.0 | 35623.5
       Dungeon |   6.1 |   6.1 |   8.8 |   1.3 |   1.6 | 5215.5
          Lair |   2.8 |   2.7 |  10.5 |   1.3 |   1.1 | 10596.2
        Shoals |   2.4 |   2.4 |   0.0 |   0.0 |   1.6 | 19534.2
   Spider Nest |   3.5 |   3.4 |  14.0 |   1.3 |   2.1 | 25616.0
    Slime Pits |   1.6 |   1.6 |   1.8 |   0.0 |   1.3 | 12588.6
  Orcish Mines |   1.8 |   1.7 |  12.3 |   2.6 |   0.5 | 13350.0
   Elven Halls |   2.6 |   2.6 |   0.0 |   3.8 |   2.3 | 37961.0
        Vaults |   5.9 |   6.1 |   0.0 |   0.0 |   6.0 | 58368.4
         Crypt |   3.6 |   3.6 |   0.0 |   1.3 |   3.1 | 51184.3
          Tomb |   4.9 |   4.4 |  26.3 |  25.6 |   5.4 | 87908.3
        Depths |   2.5 |   2.5 |   0.0 |   5.1 |   3.0 | 36797.5
          Hell |   0.9 |   0.9 |   0.0 |   0.0 |   0.9 | 45174.0
           Dis |   2.9 |   2.9 |   3.5 |   0.0 |   6.3 | 43729.9
       Gehenna |   2.8 |   2.9 |   0.0 |   2.6 |   3.8 | 26185.1
       Cocytus |   3.5 |   3.5 |   1.8 |   6.4 |   5.4 | 37477.9
      Tartarus |   2.3 |   2.4 |   0.0 |   0.0 |   4.4 | 30816.9
           Zot |   4.7 |   4.7 |   1.8 |   6.4 |   7.2 | 70093.2
         Abyss |   2.0 |   2.0 |   0.0 |   0.0 |   1.2 | 19775.3
   Pandemonium |  37.6 |  38.0 |  17.5 |  23.1 |  38.5 | 64717.6
      Ziggurat |   4.1 |   4.0 |   0.0 |  19.2 |   3.7 | 11909.9
        Bailey |   0.5 |   0.5 |   1.8 |   0.0 |   0.1 | 3170.0
      Ice Cave |   0.9 |   1.0 |   0.0 |   0.0 |   0.6 | 27704.0
               +-------+-------+-------+-------+-------+----------------------
